 Dungeon Crawl Stone Soup version bcrawl-1.39.1 (webtiles) character file.

Game seed: 3976097162824178572

14027578 Grijm the Champion of Chaos (level 27, 211/230 HPs)
             Began as a High Elf Chaos Knight on Sept 12, 2023.
             Was the Champion of Makhleb.
             Escaped with the Orb
             ... and 3 runes on Sept 14, 2023!
             The game lasted 06:32:34 (69849 turns).

Grijm the Champion of Chaos (HECK)                 Turns: 69849, Time: 06:32:34

Health: 211/230    AC: 43    Str: 26    XL:     27
Magic:  40/41      EV: 35    Int: 20    God:    Makhleb [******]
Gold:   2373       SH: 25    Dex: 33    Spells: 26/26 levels left

rFire    + + +     GDR:     50% a - +9 double sword (freeze)
rCold    + + +     SeeInvis +   z - +4 buckler {rF+}
rNeg     + + .     Gourm    .   I - +9 plate armour {MR+}
rPois    +         Faith    .   S - +2 hat
rElec    +         Spirit   .   r - +1 cloak of Elos {+Fly rPois rC+ rN+ Dex-3}
rCorr    +         Reflect  .   u - +0 pair of gloves {archery}
MR       ++...     Clarity  +   Z - +2 pair of boots
Stlth    +.........             N - amulet "Baaxkon" {Acrobat MR+}
HPRegen  0.00/turn              t - ring of Seuma {*Contam rElec rN+ Str+6, =R}
MPRegen  0.27/turn              o - ring of see invisible

@: agile, resistant, vulnerable, sap magic, hasted, very quick
A: obsessive focus, beak, horns 1, talons 1, iridescent scales 1, rugged brown
scales 1, slimy green scales 1, agile 1, blurry vision 1, clarity, cold
resistance 1, deterioration 2, dopey 1, fire resistance 2, poison resistance,
screaming 1, electricity resistance, inhibited regeneration, MP-powered wands
0: Orb of Zot
}: 3/15 runes: serpentine, abyssal, gossamer
a: Minor Destruction, Hew, Major Destruction, Greater Servant of Makhleb,
Renounce Religion, Evoke Flight


You escaped.
You worshipped Makhleb.
Makhleb was exalted by your worship.
You were full.

You visited 10 branches of the dungeon, and saw 42 of its levels.
You visited the Abyss 1 time.
You also visited: Sewer, Bailey, Gauntlet and Ice Cave.

You collected 7621 gold pieces.
You spent 5248 gold pieces at shops.

Inventory:

Hand Weapons
 a - a +9 double sword of freezing (weapon)
 q - the +5 short sword "Mulolludd" {antimagic, rElec}
   (You found it on level 5 of the Lair of Beasts)

   It reduces the magical energy of the wielder, and disrupts the spells and
   magical abilities of those hit.
   Natural abilities and divine invocations are not affected.
   It insulates you from electricity.
 s - a +4 blowgun
Missiles
 d - 52 curare-tipped needles
 j - 4 throwing nets {=f}
 M - 106 needles of confusion
Armour
 r - the +1 cloak of Elos (worn) {+Fly rPois rC+ rN+ Dex-3}
   (You bought it in a shop on level 2 of the Elven Halls)

   It affects your dexterity (-3).
   It protects you from cold.
   It protects you from poison.
   It protects you from negative energy.
   It lets you fly.
 u - a +0 pair of gloves of archery (worn)
 z - a +4 buckler of fire resistance (worn)
 I - a +9 plate armour of magic resistance (worn)
 S - a +2 hat (worn)
 Z - a +2 pair of boots (worn)
Jewellery
 l - the ring "Ashu" {-Tele rElec Str+3 Int+2}
   (You acquired it on level 1 of the Elven Halls)

   [ring of intelligence]

   It affects your strength (+3).
   It affects your intelligence (+2).
   It insulates you from electricity.
   It prevents most forms of teleportation.
 o - a ring of see invisible (right hand)
 t - the ring of Seuma (left hand) {*Contam rElec rN+ Str+6, =R}
   (You took it off a skeletal warrior on level 2 of the Crypt)

   [ring of positive energy]

   It affects your strength (+6).
   It insulates you from electricity.
   It protects you from negative energy.
   It causes magical contamination when unequipped.
 B - the ring of Yxzek {rElec rN+}
   (You took it off a skeletal warrior on level 2 of the Crypt)

   [ring of positive energy]

   It insulates you from electricity.
   It protects you from negative energy.
 N - the amulet "Baaxkon" (around neck) {Acrobat MR+}
   (Xom gifted it to you on level 8 of the Dungeon)

   [amulet of the acrobat]

   It helps you evade while moving and waiting.
   It affects your resistance to hostile enchantments.
Wands
 h - a wand of paralysis (25)
 w - a wand of digging (10)
 y - a wand of clouds (8)
 Q - a wand of iceblast (23)
Scrolls
 b - 4 scrolls of immolation
 c - 18 scrolls of teleportation
 k - 6 scrolls of fear
 F - 4 scrolls of revelation
 G - 4 scrolls of blinking
 H - 7 scrolls of fog
 O - 6 scrolls of summoning
 P - 6 scrolls of noise
 Y - 5 scrolls of vulnerability
Potions
 f - 5 potions of cancellation
 g - 5 potions of flight
 m - 2 potions of invisibility
 n - 5 potions of lignification
 p - 7 potions of curing
 x - 3 potions of berserk rage
 C - a potion of might
 J - 4 potions of agility
 U - 6 potions of ambrosia
 X - 6 potions of heal wounds
Miscellaneous
 v - a phantom mirror {pickup}
 E - a sack of spiders
 L - a phial of floods
 T - a lightning rod (4/4)
 W - a fan of gales (2/2)
Comestibles
 e - 39 rations {!d}


   Skills:
 - Level 20.0 Fighting
 + Level 21.3 Long Blades
 - Level 20.0 Armour
 - Level 20.0 Dodging
 - Level 10.0 Stealth
 O Level 27 Invocations
 - Level 20.0 Evocations


You had 26 spell levels left.
You didn't know any spells.
Your spell library contained the following spells:

 Spells                   Type           Power        Failure   Level  Hunger
 Throw Frost              Conj/Ice       #.....       82%         2    ####...
 Apportation              Tloc           #.....       95%         1    None
 Beastly Appendage        Tmut           #.....       95%         1    None
 Blink Other              Tloc           #.....       95%         1    None
 Corona                   Hex            #......      95%         1    None
 Infusion                 Chrm           #.......     95%         1    None
 Necrotize                Necr           #.....       95%         1    None
 Sandblast                Erth           #.....       95%         1    None
 Slow                     Hex            #.......     95%         1    None
 Static Discharge         Air            #.....       95%         1    None
 Sting                    Conj/Pois      #...         95%         1    None
 Summon Butterflies       Summ           #.......     95%         1    None
 Summon Small Mammal      Summ           #...         95%         1    None
 Blink                    Tloc           N/A          99%         2    ####...
 Call Imp                 Summ           #.....       99%         2    ####...
 Passwall                 Tmut/Erth      #.......     99%         2    ####...
 Poisonous Vapours        Pois/Air       #.....       99%         2    ####...
 Shock                    Conj/Air       #......      99%         2    ####...
 Swiftness                Chrm/Air       #.......     99%         2    ####...
 Beckoning                Tloc           #.........   100%        3    #####..
 Call Canine Familiar     Summ           #.......     100%        3    #####..
 Conjure Flame            Conj/Fire      #.......     100%        3    #####..
 False Image              Hex/Summ       #.......     100%        3    #####..
 Ignite Poison            Fire/Tmut/Pois #.......     100%        3    #####..
 Mephitic Cloud           Conj/Pois/Air  #.......     100%        3    #####..
 Portal Projectile        Tloc           #.....       100%        3    #####..
 Recall                   Summ/Tloc      N/A          100%        3    #####..
 Regeneration             Chrm/Necr      #.........   100%        3    #####..
 Teleport Other           Tloc           #.......     100%        3    #####..
 Vampiric Draining        Necr           #.........   100%        3    #####..
 Agony                    Necr           #.......     100%        4    ######.
 Airstrike                Air            #.........   100%        4    ######.
 Animate Dead             Necr           N/A          100%        4    ######.
 Cause Fear               Hex            #.........   100%        4    ######.
 Force Lance              Tloc           #.......     100%        4    ######.
 Fulminant Prism          Conj/Hex       #.........   100%        4    ######.
 Lightning Bolt           Conj/Air       #.......     100%        4    ######.
 Olgreb's Toxic Radiance  Pois           #........    100%        4    ######.
 Petrify                  Tmut/Erth      #.........   100%        4    ######.
 Summon Ice Beast         Ice/Summ       #.......     100%        4    ######.
 Summon Scorpions         Summ/Pois      #.......     100%        4    ######.
 Yara's Violent Unravell  Hex/Tmut       #.........   100%        4    ######.
 Bolt of Draining         Conj/Necr      #.........   100%        5    #######
 Bolt of Magma            Conj/Fire/Erth #.........   100%        5    #######
 Dispel Undead            Necr           #.......     100%        5    #######
 Fireball                 Conj/Fire      #.........   100%        5    #######
 Freezing Cloud           Ice/Air        #.......     100%        5    #######
 Lee's Rapid Deconstruct  Erth           #.........   100%        5    #######
 Metabolic Englaciation   Hex/Ice        #.........   100%        5    #######
 Silence                  Hex/Air        #.........   100%        5    #######
 Steam Barrier            Chrm/Fire      #.........   100%        5    #######
 Summon Demon             Summ           #.........   100%        5    #######
 Summon Forest            Summ/Tloc      #.........   100%        5    #######
 Summon Lightning Spire   Summ/Air       #.......     100%        5    #######
 Summon Mana Viper        Hex/Summ       #.......     100%        5    #######
 Venom Bolt               Conj/Pois      #.........   100%        5    #######
 Aura of Abjuration       Summ           #.........   100%        6    #######
 Bolt of Cold             Conj/Ice       #.........   100%        6    #######
 Bolt of Fire             Conj/Fire      #.........   100%        6    #######
 Conjure Ball Lightning   Conj/Air       #.........   100%        6    #######
 Darkness                 Hex            #.........   100%        6    #######
 Death Channel            Chrm/Necr      #.........   100%        6    #######
 Dispersal                Tloc           #.........   100%        6    #######
 Invisibility             Hex            #.......     100%        6    #######
 Iron Shot                Conj/Erth      #.........   100%        6    #######
 Ozocubu's Refrigeration  Ice            #.........   100%        6    #######
 Poison Arrow             Conj/Pois      #.........   100%        6    #######
 Simulacrum               Ice/Necr       #.......     100%        6    #######
 Statue Form              Tmut/Erth      #........    100%        6    #######
 Virulence                Hex/Pois       #.......     100%        6    #######
 Controlled Blink         Tloc           #.......     100%        7    #######
 Dragon Form              Tmut           #......      100%        7    #######
 Haunt                    Necr/Summ      #.........   100%        7    #######
 Icicle Burst             Conj/Ice       #.........   100%        7    #######
 Malign Gateway           Summ/Tloc      #.........   100%        7    #######
 Mana Rupture             Conj/Hex       #.........   100%        7    #######
 Monstrous Menagerie      Summ           #.........   100%        7    #######
 Shadow Creatures         Summ           N/A          100%        7    #######
 Spellforged Servitor     Conj/Summ      #.........   100%        7    #######
 Summon Greater Demon     Summ           #.........   100%        7    #######
 Chain Lightning          Conj/Air       #.........   100%        8    #######
 Ignition                 Fire           #.........   100%        8    #######
 Summon Horrible Things   Summ           #.........   100%        8    #######
 Tornado                  Tloc/Air       #.........   100%        8    #######
 Dragon's Call            Summ           #.........   100%        9    #######
 Fire Storm               Conj/Fire      #.........   100%        9    #######
 Shatter                  Erth           #.........   100%        9    #######
 Passage of Golubria      Tloc           Unusable     N/A         5    N/A

Dungeon Overview and Level Annotations

Branches:
Dungeon (12/12)            Temple (0/1) D:5            Lair (6/6) D:9
  Snake (3/3) Lair:4       Spider (3/3) Lair:3        Slime (0/5) Orc
    Orc (1/1) D:11            Elf (3/3) Lair:6       Vaults (2/3) D:12
  Crypt (2/2) Vaults:1       Tomb (0/3) Crypt:2      Depths (5/5) D:12
    Zot (5/5) Depths:5

Altars:
Ashenzari
Cheibriados
Dithmenos
Elyvilon
Kikubaaqudgha
Makhleb
Nemelex Xobeh
Qazlal
Ru
Sif Muna
Uskayaw
Vehumet
Xom
Yredelemnul
Zin
The Shining One
Jiyva

Shops:
D:7 [   Orc **!=   Elf:1 [::*[   Elf:2 [   Vaults:2 ([   Depths:1 ??
Depths:2 (}   Depths:5 [

Portals:
Hell: Depths:1 Depths:2 Depths:3 Depths:4 Depths:5
Abyss: Depths:1 Depths:2 Depths:4 Depths:5
Pandemonium: Depths:3 Depths:5
Ziggurat: Depths:3
Trove: Depths:2 (give 4 potions of haste)

Annotations:
D:5 1 runed door
D:6 3 runed translucent doors, Elkerch's ghost, novice HuHu
Lair:4 exclusion: 3 oklob plants
Spider:2 exclusion: orange crystal statue
Elf:2 1 runed door
Depths:5 4 runed doors


Innate Abilities, Weirdness & Mutations

You can't train low skills.
You expend magic power (3 MP) to strengthen your wands.
You have a beak for a mouth.
You have a pair of small horns on your head.
You have sharp toenails.
You are partially covered in iridescent scales. (AC +2)
You are partially covered in rugged brown scales. (AC +1, +3% HP)
You are partially covered in slimy green scales. (AC +2)
You are agile. (Dex +2)
Scrolls take you a little longer to read.
You possess an exceptional clarity of mind.
Your flesh is cold resistant. (rC+)
Your body often deteriorates upon taking damage.
You are dopey. (Int -2)
Your flesh is very heat resistant. (rF++)
Your system is resistant to poisons. (rPois)
You occasionally shout uncontrollably at your foes.
You are resistant to electric shocks. (rElec)
You do not regenerate when monsters are visible.


Message History

You closely miss the phantasmal warrior.
You headbutt the phantasmal warrior, but do no damage.
You peck the phantasmal warrior!
The phantasmal warrior is moderately damaged.
The ufetubus blinks!
Use which ability? (? or * to list)
Aiming: Hew
Press: ? - help, Dir - move target cursor You cut the ufetubus into ribbons!!!
You freeze the ufetubus.
You kill the ufetubus!
The quicksilver dragon breathes dispelling energy at you.
The bolt of dispelling energy misses you.
The lich gestures at you while chanting.
You feel haunted.
You block the phantasmal warrior's attack.
Some rock shatters into small pieces.
There is a staircase leading out of the dungeon here.
The phantasmal warrior blinks!
The power of the Orb breaks the dimensional shunt like a soap bubble!
You have escaped!

#....# #######.##.##
#...# # #....#
#>.....>.#.# #...# #
######
##..♣♣♣...##.##...# #
##.♣♣♣♣♣♣♣.###.#...####
##.♣♣♣∩∩∩♣♣♣.###....'...
#...♣∩...∩♣♣§.###...####
#.♣♣..W...♣♣♣§D.L..## #
#.♣♣∩.♣.♣.W♣♣..3W§#.## #
#.♣♣∩.♣@♣W..6.2......# #
##.♣♣∩.♣W♣.∩♣♣6&D.....###
#..♣♣♣...§.♣♣♣.66........
#.....∩...∩♣♣............
#.#..♣♣∩∩∩♣♣♣.####.......
#.##.♣♣♣♣♣♣♣.## #.......
#.###..♣♣♣..## #.......
#.# #>.....⌠######.###...
#.####...........).# #...


You could see a phantasmal warrior and a wraith.

Vanquished Creatures
  Khufu (Crypt:1)
  5 orbs of fire (Zot:5)
  A pandemonium lord (Depths:2)
  8 ancient liches
  Xtahua (Depths:5)
  2 greater mummies (Crypt:1)
  8 golden dragons
  3 Killer Klowns
  Vashnia (Snake:2)
  Arachne (Spider:2)
  4 curse toes
  Gastronok (D:8)
  Jory (Depths:3)
  2 Brimstone Fiends
  4 bone dragons
  Zenata (Vaults:1)
  3 electric golems
  3 Orb Demons
  13 tentacled monstrosities
  23 Orb Guardians
  2 liches (Crypt:2)
  A Hell Sentinel (D:12)
  Jorgrun (Snake:2)
  Rupert (Spider:1)
  A titan (Abyss:3)
  3 quicksilver dragons (Zot:3)
  2 Executioners
  2 deep elf master archers (Elf:3)
  A sphinx (Crypt:1)
  2 deep elf blademasters
  5 death cobs
  5 ancient champions
  A ghoul (Crypt:1)
  A tentacled starspawn (Abyss:3)
  8 shadow dragons
  9 nagarajas
  Kirke (Snake:3)
  Donald (Vaults:1)
  A draconian monk (Zot:4)
  2 tengu reavers
  A balrug (Zot:2)
  5 frost giants
  2 draconian knights
  A revenant (Crypt:1)
  14 storm dragons
  7 vault wardens
  Louise (Depths:1)
  5 ghost moths
  4 fire giants
  An iron dragon (Zot:4)
  2 orc warlords (Vaults:2)
  3 deep elf sorcerers
  Aizul (Snake:2)
  An angel (Abyss:3)
  2 draconian annihilators
  8 ironheart preservers
  10 deep elf elementalists
  A juggernaut zombie (Depths:3)
  5 spriggan defenders
  7 stone giants
  2 curse skulls (Crypt:2)
  6 iron trolls
  3 draconian stormcallers
  An eye of devastation (Zot:5)
  2 draconian shifters (Zot:4)
  8 draconian scorchers
  2 reapers
  7 emperor scorpions
  9 very ugly things
  2 jiangshi (Depths:5)
  2 ophanim (Abyss:3)
  4 yellow draconians
  2 vampire knights
  9 deep elf annihilators
  5 green draconians
  4 black draconians
  2 deep elf demonologists
  5 purple draconians
  A white draconian (Zot:4)
  5 eidola
  A blizzard demon (Depths:5)
  5 spark wasps
  6 red draconians
  6 deep elf death magi
  7 ettins
  Snorg (D:10)
  Azrael (D:12)
  A mummy priest (Crypt:2)
  Urug (Lair:1)
  7 fire dragons
  2 yaktaur captains
  2 deep elf high priests (Elf:3)
  Erolcha (Orc)
  2 rakshasas
  8 naga warriors
  Harold (Lair:4)
  4 hydras
  7 vault guards
  An alligator snapping turtle (Vaults:2)
  A juggernaut simulacrum (Depths:3)
  2 spriggan air magi
  A death knight (Crypt:1)
  2 hell beasts
  3 catoblepae (Lair:6)
  8 ice dragons
  7 anacondas
  Psyche (D:10)
  A satyr (Zot:1)
  4 great orbs of eyes
  16 two-headed ogres
  10 deep troll shamans
  A sea snake (shapeshifter) (Depths:2)
  2 orc high priests (Crypt:2)
  32 dancing weapons
  7 ogre magi
  A tengu warrior (D:8)
  A queen ant (Depths:3)
  9 death yaks (Lair:6)
  5 spectral storm dragons (Crypt:1)
  8 vampire magi
  14 naga sharpshooters
  A thrashing horror (Abyss:2)
  10 deep troll earth magi
  7 spriggan berserkers
  A sea snake (Vaults:1)
  A soul eater (Crypt:1)
  11 centaur warriors
  Nergalle (Lair:2)
  6 shock serpents
  17 deep elf knights
  4 salamander mystics
  24 skeletal warriors
  30 deep trolls
  A goliath frog (Zot:5)
  A hell knight (Depths:5)
  A storm dragon skeleton (Crypt:1)
  3 sixfirhies
  A spatial maelstrom (Abyss:2)
  A death drake (Elf:2)
  A swamp dragon (Zot:4)
  2 cherubim (Abyss:3)
  2 spriggan druids (Depths:3)
  5 unseen horrors (Depths:2)
  An unseen horror (shapeshifter) (Elf:1)
  3 glowing orange brains
  A quicksilver dragon simulacrum (Depths:4)
  2 orange crystal statues
  2 flayed ghosts
  8 naga ritualists
  6 ironheart convokers
  7 phantasmal warriors
  2 wolf spider zombies
  9 deep elf archers
  2 necromancers
  8 wizards
  2 cyclopes
  4 mana vipers
  6 orc knights
  A toenail golem (Depths:1)
  A tengu skeleton (Depths:1)
  A golden dragon skeleton (Depths:1)
  A lindwurm (Zot:1)
  An apocalypse crab (Spider:2)
  24 wolf spiders
  3 spectral fire dragons (Crypt:1)
  15 orb spiders
  54 deep elf magi
  25 ugly things
  A sphinx skeleton (Depths:1)
  23 moths of wrath
  A spectral ice dragon (Crypt:1)
  5 manticores
  15 naga magi
  14 elephants
  2 stone giant skeletons
  12 salamanders
  A black mamba (shapeshifter) (Depths:1)
  20 black mambas
  A frost giant skeleton (Depths:3)
  5 vault sentinels
  4 torpor snails
  3 guardian serpents
  A smoke demon (Abyss:2)
  A rust devil (Depths:4)
  2 orange demons (Abyss:3)
  12 cane toads
  A cane toad (shapeshifter) (D:12)
  A jumping spider (shapeshifter) (Depths:3)
  38 yaktaurs
  4 rime drakes
  10 freezing wraiths
  An efreet (D:11)
  17 demonic crawlers
  An ice devil (D:4)
  19 flying skulls
  5 komodo dragons
  14 jumping spiders
  4 kobold demonologists
  5 hellwings (D:4)
  4 guardian mummies
  An anaconda simulacrum (Abyss:2)
  An ancient zyme (Abyss:3)
  2 tengu conjurers (Vaults:1)
  A meliai (shapeshifter) (Spider:3)
  2 red devils
  A troll (shapeshifter) (D:11)
  3 meliai (Spider:1)
  A death drake zombie (Crypt:1)
  A wolf spider simulacrum (IceCv)
  A merfolk (Depths:3)
  7 trolls
  A harpy zombie (Crypt:1)
  2 bog bodies (Crypt:1)
  A hornet (shapeshifter) (Vaults:2)
  45 slime creatures
  4 harpy skeletons
  A polar bear (D:11)
  3 raiju (Abyss:3)
  A spriggan zombie (Depths:1)
  9 hippogriffs
  An air elemental (Elf:3)
  14 hornets
  2 meliai zombies
  A spriggan skeleton (Depths:3)
  6 small abominations
  10 water elementals
  20 spriggans (Depths:3)
  17 tarantellas
  4 wyverns
  A basilisk (Lair:5)
  7 wraiths
  2 shadows (Crypt:1)
  2 vampires
  A wyvern (shapeshifter) (Vaults:1)
  2 ynoxinuls
  A basilisk (shapeshifter) (Depths:1)
  A spriggan (shapeshifter) (Vaults:1)
  2 hogs (Snake:3)
  A tyrant leech zombie (Crypt:2)
  41 yaks
  9 humans (D:12)
  A hungry ghost (D:9)
  4 vampire mosquitoes
  3 chaos spawn (Depths:2)
  2 neqoxecs
  7 fire elementals
  17 redbacks
  Edmund (D:6)
  A torturous demonspawn zombie (Crypt:2)
  30 nagas
  A human simulacrum (Vaults:2)
  3 acid dragons
  6 wargs
  2 spatial vortices
  6 large abominations
  11 crocodiles
  A floating eye (shapeshifter) (Vaults:2)
  7 water moccasins
  11 porcupines
  4 hell hounds
  A water nymph skeleton (Crypt:1)
  7 ice beasts
  A two-headed ogre skeleton (Crypt:2)
  A deep troll skeleton (Crypt:2)
  A sky beast (D:5)
  4 black bears
  3 necrophages
  51 orc warriors
  2 phantoms
  13 wolves
  13 boggarts
  16 ogres
  An alligator simulacrum (IceCv)
  A snapping turtle skeleton (Crypt:2)
  15 bullfrogs
  3 kobold brigands
  4 earth elementals
  21 centaurs
  A scorpion (Lair:3)
  A killer bee (shapeshifter) (Vaults:2)
  6 killer bees (D:9)
  10 electric eels
  4 wights (D:11)
  13 orc priests
  9 howler monkeys
  4 crimson imps
  4 starcursed masses (Abyss:3)
  A hound (D:10)
  A basilisk zombie (Crypt:1)
  16 jellies
  21 orc wizards
  A quasit (Abyss:2)
  3 bullfrog skeletons
  An iron imp (Lair:2)
  6 iguanas
  Terence (D:2)
  9 worker ants
  Natasha (D:3)
  2 wolf simulacra (IceCv)
  A demigod zombie (Crypt:1)
  2 hound skeletons
  2 hound zombies
  A mummy (Crypt:1)
  A worker ant zombie (D:5)
  A howler monkey skeleton (Crypt:1)
  23 gnolls
  15 adders
  A river rat (Sewer)
  2 shadow imps
  17 white imps
  5 oozes (D:11)
  An adder skeleton (D:8)
  5 adder zombies
  7 worms
  A dart slug (D:1)
  5 leopard geckos
  87 orcs
  2 ball pythons
  A bat zombie (Crypt:2)
  6 giant cockroaches
  10 hobgoblins
  19 jackals
  11 kobolds
  5 quokkas
  3 bats
  5 frilled lizards
  16 goblins
  2 quokka skeletons
  8 rats
  A river rat skeleton (Crypt:2)
  A fire vortex (Depths:4)
  A lurking horror (Abyss:2)
  2 plants (Lair:6)
  A starspawn tentacle (Abyss:3)
1960 creatures vanquished.

Vanquished Creatures (collateral kills)
  Tiamat (Zot:4)
  An ancient lich (Zot:5)
  2 golden dragons (Zot:4)
  Nikola (Spider:1)
  5 Orb Guardians (Zot:5)
  A tentacled monstrosity (Zot:2)
  An Executioner (Depths:2)
  3 shadow dragons (Zot:4)
  A ghoul (Vaults:1)
  Roxanne (Snake:3)
  A deep elf elementalist (Elf:3)
  A draconian shifter (Zot:4)
  A green draconian (Zot:4)
  4 purple draconians
  2 deep elf annihilators (Elf:3)
  2 deep elf demonologists
  2 deep elf death magi (Elf:3)
  A deep elf high priest (Elf:3)
  A yaktaur captain (Vaults:1)
  A naga warrior (Snake:1)
  2 ice dragons
  A dancing weapon (Elf:3)
  A naga sharpshooter (Snake:3)
  2 orc high priests (Bailey)
  3 skeletal warriors (Crypt:1)
  A naga ritualist (Snake:3)
  A deep elf archer (Elf:1)
  A swamp dragon (Zot:4)
  An ironheart convoker (Vaults:1)
  A wolf spider (Spider:2)
  2 orb spiders (Spider:2)
  A deep elf mage (Elf:1)
  A faun (Zot:2)
  A mana viper (Snake:1)
  A moth of wrath (Zot:4)
  A salamander (Snake:3)
  A black mamba (Snake:3)
  2 naga magi
  3 freezing wraiths
  2 wraiths
  A yak (Lair:6)
  2 redbacks (Spider:2)
  A vampire mosquito (D:10)
  2 acid dragons (Zot:4)
  A naga (Snake:1)
  An ogre (Vaults:1)
  A bullfrog (Lair:3)
  A jelly (D:8)
  A white imp (Lair:2)
  2 orcs (Bailey)
  A goblin (Bailey)
76 creatures vanquished.

Vanquished Creatures (others)
  2 golden dragons (Zot:4)
  An Orb Guardian (Zot:5)
  2 storm dragons (Zot:4)
  A ghoul (Crypt:1)
  A frost giant (Depths:1)
  2 yellow draconians (Zot:4)
  A purple draconian (Zot:5)
  A deep elf high priest (Elf:2)
  A naga warrior (Snake:3)
  An ice dragon (Zot:4)
  2 dancing weapons (Crypt:1)
  A deep troll shaman (Depths:1)
  A centaur warrior (Depths:1)
  A deep elf mage (Elf:1)
  An orb spider (Spider:3)
  A wolf spider (Spider:2)
  A moth of wrath (Zot:4)
  A hippogriff (D:12)
  3 yaks (D:11)
  An acid dragon (Zot:4)
  A boggart (Depths:2)
  A bush (Lair:3)
  A fire vortex (Zot:4)
  16 fungi
  41 plants
  3 starspawn tentacles (Abyss:3)
  3 toadstools (Depths:3)
92 creatures vanquished.

Grand Total: 2128 creatures vanquished

Notes
Turn   | Place    | Note
-------+----------+-------------------------------------------
     0 | D:1      | Grijm the High Elf Chaos Knight began the quest for the
                  | Orb.
     0 | D:1      | Reached XP level 1. HP: 18/18 MP: 2/2
   103 | D:1      | Reached skill level 1 in Stealth
   161 | D:1      | Reached XP level 2. HP: 21/24 MP: 3/3
   366 | D:2      | Noticed Terence
   373 | D:2      | Killed Terence
   374 | D:2      | Reached XP level 3. HP: 29/29 MP: 4/4
   474 | D:1      | XOM: silly message
   588 | D:2      | XOM: cloud trail
  1334 | D:1      | XOM: harmless Chrm miscast
  1600 | D:3      | Reached XP level 4. HP: 31/35 MP: 5/5
  1852 | D:1      | XOM: silly message
  1904 | D:1      | XOM: mild Air miscast
  2051 | D:1      | Reached skill level 5 in Long Blades
  2103 | D:1      | XOM: harmless Air miscast
  2266 | D:1      | XOM: mild Tloc miscast
  2470 | D:2      | XOM: summons 4 hostile shadow creatures
  3194 | D:3      | XOM: summons 2 hostile demons
  3195 | D:3      | Noticed a sun demon
  3201 | D:3      | Found a faded altar of an unknown god.
  3212 | D:3      | Reached XP level 5. HP: 24/41 MP: 6/6
  3417 | D:4      | Found a sparkling altar of Nemelex Xobeh.
  3417 | D:4      | Found a shimmering altar of Xom.
  3417 | D:4      | Found a sacrificial altar of Ru.
  3417 | D:4      | Found a stormy altar of Qazlal.
  3417 | D:4      | Found a burning altar of Makhleb.
  3596 | D:4      | Found a glowing silver altar of Zin.
  3596 | D:4      | Found a shimmering blue altar of Sif Muna.
  3597 | D:4      | Found an ancient bone altar of Kikubaaqudgha.
  3605 | D:4      | Fell from the grace of Xom
  3605 | D:4      | Became a worshipper of Makhleb the Destroyer
  3737 | D:4      | XOM is BORED!
  3737 | D:4      | XOM: 3-stop teleportation journey
  3764 | D:4      | Reached skill level 1 in Invocations
  3764 | D:4      | Reached XP level 6. HP: 47/47 MP: 7/7
  3787 | D:4      | Reached skill level 2 in Invocations
  4008 | D:4      | XOM: medium Ice miscast
  4075 | D:4      | Reached XP level 7. HP: 50/53 MP: 9/9
  4108 | D:4      | XOM: give mutations
  4108 | D:4      | Gained mutation: You are frail. (-10% HP) [Xom's mischief]
  4108 | D:4      | Lost mutation: You are frail. (-10% HP) [Xom's mischief]
  4108 | D:4      | Gained mutation: Your magical capacity is low. (-10% MP)
                  | [Xom's mischief]
  4243 | D:4      | XOM: give mutations
  4243 | D:4      | Gained mutation: You have large cloven feet. [Xom's grace]
  4243 | D:4      | Gained mutation: You evolve. [Xom's grace]
  4243 | D:4      | Gained mutation: You are resistant to hostile enchantments.
                  | (MR+) [Xom's grace]
  4243 | D:4      | Gained mutation: You have a pair of small horns on your
                  | head. [Xom's grace]
  4261 | D:4      | Found a basalt altar of Yredelemnul.
  4338 | D:4      | Found a white marble altar of Elyvilon.
  4537 | D:5      | Entered Level 5 of the Dungeon
  4549 | D:5      | XOM: smoke on damage
  4559 | D:5      | Reached * piety under Makhleb
  4658 | D:5      | Found a glowing drain.
  4669 | Sewer    | Entered a sewer
  4765 | Sewer    | XOM: silly message
  4791 | Sewer    | Found a white marble altar of Elyvilon.
  4872 | D:5      | Reached skill level 5 in Fighting
  4961 | D:5      | XOM: stat loss: -1 Str (12/13)
  5010 | D:5      | Found a shadowy altar of Dithmenos.
  5116 | D:5      | XOM: swap monsters
  5176 | D:5      | XOM: mild Erth miscast
  5191 | D:5      | Reached XP level 8. HP: 53/62 MP: 9/9
  5196 | D:5      | XOM: give mutation
  5196 | D:5      | Lost mutation: Your magical capacity is low. (-10% MP)
                  | [Xom's mischief]
  5365 | D:5      | XOM: mild Erth miscast
  5396 | D:5      | XOM: medium Hex miscast
  5409 | D:5      | XOM: harmless Tloc miscast
  5413 | D:5      | XOM: 6-stop teleportation journey
  5492 | D:5      | XOM: medium Necr miscast
  5559 | D:5      | Found a staircase to the Ecumenical Temple.
  5593 | D:5      | Found a runed door.
  5718 | D:6      | XOM: torment (31/62 hp)
  5813 | D:6      | Found a runed translucent gate.
  5814 | D:6      | Found a runed translucent gate.
  5814 | D:6      | Noticed Elkerch's ghost (novice HuHu)
  5816 | D:6      | Found a runed translucent gate.
  6047 | D:6      | Noticed Edmund
  6047 | D:6      | XOM: enchant monster (bad)
  6057 | D:6      | XOM: potion effect (agility)
  6059 | D:6      | XOM: divination: detect items
  6074 | D:6      | Killed Edmund
  6116 | D:6      | Noticed a hippogriff
  6130 | D:6      | Killed a hippogriff
  6299 | D:6      | XOM: divination: detect creatures
  6393 | D:6      | Reached skill level 5 in Stealth
  6541 | D:6      | Noticed a hippogriff
  6550 | D:6      | Killed a hippogriff
  6550 | D:6      | Reached ** piety under Makhleb
  6551 | D:6      | Reached skill level 5 in Dodging
  6558 | D:6      | XOM: divination: detect items
  6567 | D:6      | XOM: divination: detect items
  6595 | D:6      | Reached skill level 5 in Armour
  6595 | D:6      | Reached XP level 9. HP: 69/69 MP: 11/11
  6757 | D:6      | XOM: divination: detect items
  6819 | D:6      | Reached skill level 10 in Long Blades
  6948 | D:7      | Found Reaclywn's Armour Shop.
  7010 | D:7      | XOM: god gift: 12 rations
  7013 | D:7      | Found a glowing golden altar of the Shining One.
  7153 | D:7      | XOM: god gift: ration
  7461 | D:7      | XOM: potion effect (might)
  7463 | D:7      | Reached skill level 3 in Invocations
  7486 | D:7      | Reached skill level 4 in Invocations
  7619 | D:7      | XOM: god gift: scroll labeled ZAONUFEESO {god gift}
  7623 | D:7      | Found a glowing golden altar of the Shining One.
  7826 | D:7      | XOM: mild Chrm miscast
  7971 | D:8      | XOM: harmless Hex miscast
  8007 | D:8      | Noticed a red ugly thing
  8016 | D:8      | XOM: summons 4 friendly demons
  8026 | D:8      | XOM: scenery: create altars
  8031 | D:8      | Killed a red ugly thing
  8031 | D:8      | Reached *** piety under Makhleb
  8032 | D:8      | Reached skill level 5 in Invocations
  8051 | D:8      | Noticed a tengu warrior
  8063 | D:8      | XOM: summons 2 friendly demons
  8082 | D:8      | Killed a tengu warrior
  8083 | D:8      | Reached XP level 10. HP: 77/77 MP: 14/15
  8175 | D:8      | XOM: cast spell 'Leda's Liquefaction'
  8187 | D:8      | XOM: confuse monster(s)
  8255 | D:8      | Reached skill level 6 in Invocations
  8346 | D:8      | Noticed a two-headed ogre
  8346 | D:8      | Noticed Gastronok
  8384 | D:8      | XOM: divination: detect items
  8388 | D:8      | XOM: cast spell 'Steam Barrier'
  8400 | D:8      | XOM: divination: detect creatures
  8407 | D:8      | Killed Gastronok
  8535 | D:8      | Lost mutation: You have a pair of small horns on your head.
                  | [evolution]
  8641 | D:8      | Killed a two-headed ogre
  8642 | D:8      | Reached XP level 11. HP: 86/86 MP: 16/16
  8730 | D:8      | XOM: harmless Necr miscast
  8778 | D:8      | XOM: god gift: crooked glowing staff {god gift}
  8787 | D:8      | XOM: god gift: smoking steel amulet {god gift}
  8788 | D:8      | Got a smoking steel amulet {god gift}
  8831 | D:8      | Identified the amulet "Baaxkon" {Acrobat MR+} (Xom gifted
                  | it to you on level 8 of the Dungeon)
  8884 | D:8      | XOM: god gift: scroll labeled GAHYGOEQANT {god gift}
  8899 | D:8      | XOM: mild Tloc miscast
  8925 | D:8      | XOM: harmless Chrm miscast
  8927 | D:8      | XOM: confuse monster(s)
  9161 | D:9      | Noticed an orc knight
  9163 | D:9      | XOM: blink monster(s)
  9171 | D:10     | Entered Level 10 of the Dungeon
  9171 | D:10     | Found a flagged portal.
  9190 | Bailey   | Entered a bailey
  9221 | Bailey   | XOM: mild Erth miscast
  9259 | Bailey   | Found an iron altar of Okawaru.
  9259 | Bailey   | Noticed an orc high priest
  9259 | Bailey   | Noticed an orc high priest
  9273 | Bailey   | XOM: noise
  9301 | Bailey   | Killed an orc high priest
  9307 | Bailey   | Killed an orc high priest
  9382 | Bailey   | Noticed an orc knight
  9407 | Bailey   | Killed an orc knight
  9542 | Bailey   | Reached **** piety under Makhleb
  9659 | Bailey   | Noticed an orc knight
  9668 | Bailey   | XOM: blink monster(s)
  9676 | Bailey   | XOM: enchant monster (good)
  9681 | Bailey   | XOM: swap monsters
  9688 | Bailey   | Killed an orc knight
  9712 | Bailey   | XOM: scenery: 2 doors close
  9793 | Bailey   | XOM: divination: magic mapping
 10008 | Bailey   | XOM: fog
 10305 | Bailey   | Identified the ring of Kurin {rN+++ MR- MP-9 Int+2 Stlth+}
                  | (You acquired it in a bailey)
 10339 | D:10     | Noticed Frances
 10363 | D:9      | XOM: summons 11 friendly demons
 10386 | D:9      | XOM: divination: magic mapping
 10391 | D:9      | XOM: harmless Tloc miscast
 10395 | D:9      | Killed an orc knight
 10396 | D:9      | Reached skill level 7 in Invocations
 10404 | D:9      | XOM: mild Ice miscast
 10407 | D:9      | XOM: divination: detect creatures
 10411 | D:9      | XOM: harmless Air miscast
 10430 | D:9      | XOM: confuse monster(s)
 10505 | D:9      | XOM: potion effect (berserk rage)
 10585 | D:9      | Found a staircase to the Lair.
 10590 | D:9      | XOM: confuse monster(s)
 10773 | D:9      | Reached ***** piety under Makhleb
 10824 | D:9      | Noticed a two-headed ogre
 10833 | D:9      | Killed a two-headed ogre
 10937 | D:9      | XOM: potion effect (magic)
 10942 | D:9      | Reached XP level 12. HP: 94/94 MP: 18/18
 11054 | D:9      | XOM: potion effect (brilliance)
 11110 | D:9      | Found a hide-covered altar of Uskayaw.
 11156 | D:9      | XOM: mild Hex miscast
 11233 | Lair:1   | Entered Level 1 of the Lair of Beasts
 11287 | D:9      | XOM: god gift: 18 gold pieces
 11444 | Lair:1   | XOM: confusion (+ monsters)
 11461 | Lair:1   | XOM: swap monsters
 11475 | Lair:1   | Reached skill level 8 in Invocations
 11684 | Lair:1   | XOM: harmless Fire miscast
 11738 | Lair:1   | Noticed a seven-headed hydra
 11747 | Lair:1   | Killed a three-headed hydra
 11822 | Lair:1   | Noticed Urug
 11843 | Lair:1   | Killed Urug
 11916 | Lair:1   | Lost mutation: You are resistant to hostile enchantments.
                  | (MR+) [evolution]
 12217 | Lair:1   | XOM: scenery: create altars
 12678 | Lair:2   | XOM: divination: detect items
 12728 | Lair:2   | Found a frozen archway.
 12730 | Lair:2   | Noticed Nergalle
 12749 | Lair:2   | XOM: summons friendly crimson imp
 12758 | Lair:2   | XOM: summons friendly crimson imp
 12810 | Lair:2   | XOM: polymorph white imp -> iron imp
 12813 | Lair:2   | XOM: summons 5 friendly demons
 12836 | IceCv    | Entered an ice cave
 12854 | IceCv    | HP: 2/96 [alligator simulacrum (14)]
 13106 | IceCv    | XOM: scenery: create altars
 13116 | IceCv    | XOM: god gift: 87 javelins of penetration
 13133 | IceCv    | XOM: cast spell 'Summon Mana Viper'
 13163 | IceCv    | XOM: cloud trail
 13271 | IceCv    | XOM is BORED!
 13271 | IceCv    | XOM: medium Erth miscast
 13332 | IceCv    | XOM: polymorph ice beast -> gnoll
 13332 | IceCv    | XOM: smoke on damage
 13340 | IceCv    | XOM: polymorph gnoll -> ball python
 13345 | IceCv    | XOM: cast spell 'Dispersal'
 13353 | IceCv    | Found an ancient bone altar of Kikubaaqudgha.
 13353 | IceCv    | XOM: 7-stop teleportation journey
 13400 | IceCv    | XOM: scenery: create altars
 13405 | IceCv    | XOM: enchant monster (good)
 13428 | IceCv    | XOM: cast spell 'Dispersal'
 13430 | Lair:2   | XOM: silly message
 13441 | Lair:2   | Reached ****** piety under Makhleb
 13533 | Lair:2   | XOM: medium Necr miscast
 13579 | Lair:2   | XOM: potion effect (invisibility)
 13632 | Lair:2   | Killed Nergalle
 13633 | Lair:2   | Reached skill level 9 in Invocations
 13966 | Lair:2   | XOM: cloud trail
 14121 | Lair:2   | XOM: harmless Necr miscast
 14204 | Lair:3   | Found a hole to the Spider Nest.
 14358 | Lair:3   | XOM: noise
 14418 | Lair:3   | Reached skill level 10 in Fighting
 14434 | Lair:3   | XOM: harmless Chrm miscast
 14442 | Lair:3   | XOM: cast spell 'Olgreb's Toxic Radiance'
 14443 | Lair:3   | Reached skill level 15 in Long Blades
 14599 | Lair:3   | XOM: cloud trail
 14705 | Lair:3   | XOM: summons friendly white imp
 14707 | Lair:3   | Reached XP level 13. HP: 103/103 MP: 19/21
 14894 | Lair:3   | XOM: swap monsters
 14980 | Lair:3   | XOM: harmless Conj miscast
 15094 | Lair:4   | XOM: scenery: create altars
 15153 | Lair:4   | Found a staircase to the Snake Pit.
 15159 | Lair:4   | XOM: mild Tmut miscast
 15372 | Lair:4   | XOM: harmless Hex miscast
 15694 | Lair:4   | XOM: mild Summ miscast
 15747 | Lair:4   | Noticed Harold
 15768 | Lair:4   | Killed Harold
 15769 | Lair:4   | Reached skill level 10 in Invocations
 15783 | Lair:4   | XOM: cloud trail
 15826 | Lair:4   | XOM: divination: detect items
 16009 | Lair:4   | Found a snail-covered altar of Cheibriados.
 16032 | Lair:4   | XOM: confuse monster(s)
 16180 | Lair:4   | XOM: scenery: 1 doors close
 16201 | Lair:4   | Got a warped bronze amulet
 16203 | Lair:4   | Identified the amulet of Fariar {Spirit Str+2 Int+2} (You
                  | found it on level 4 of the Lair of Beasts)
 16227 | Lair:4   | Gained mutation: Your mind is acute. (Int +2) [evolution]
 16427 | Lair:5   | Found a gate leading to a gauntlet.
 16436 | Gauntlet | Entered a Gauntlet
 16436 | Gauntlet | Found a transporter.
 16446 | Gauntlet | Found a transporter.
 16461 | Gauntlet | Found a transporter.
 16467 | Gauntlet | Found a transporter.
 16488 | Gauntlet | Found a transporter.
 16501 | Gauntlet | Found a transporter.
 16513 | Gauntlet | Found a transporter.
 16513 | Gauntlet | Noticed a green death
 16519 | Gauntlet | Found a transporter.
 16521 | Gauntlet | Found a transporter.
 16537 | Gauntlet | Noticed a reaper
 16538 | Gauntlet | Found a transporter.
 16550 | Gauntlet | Found a transporter.
 16556 | Gauntlet | Found a transporter.
 16556 | Gauntlet | Found a transporter.
 16558 | Gauntlet | Found a transporter.
 16575 | Gauntlet | Found a transporter.
 16581 | Gauntlet | Found a transporter.
 16624 | Gauntlet | Found a transporter.
 16652 | Gauntlet | Found a transporter.
 16923 | Lair:5   | XOM: cast spell 'Summon Ice Beast'
 16993 | Lair:5   | Reached skill level 10 in Stealth
 17075 | Lair:5   | Got an ichor-stained short sword
 17076 | Lair:5   | Identified the +5 short sword "Mulolludd" {antimagic,
                  | rElec} (You found it on level 5 of the Lair of Beasts)
 17102 | Lair:5   | XOM: mild Erth miscast
 17312 | Lair:5   | XOM: harmless Fire miscast
 17382 | Lair:5   | XOM: cloud trail
 17635 | Lair:5   | XOM: cast spell 'Summon Small Mammal'
 17637 | Lair:5   | Reached skill level 10 in Dodging
 17639 | Lair:5   | XOM: scenery: create altars
 17739 | Lair:5   | XOM: mild Tloc miscast
 18149 | Lair:5   | XOM: mild Erth miscast
 18227 | Lair:5   | XOM: divination: magic mapping
 18240 | Lair:6   | Entered Level 6 of the Lair of Beasts
 18272 | Lair:6   | XOM: cast spell 'Monstrous Menagerie'
 18279 | Lair:6   | XOM: divination: detect items
 18341 | Lair:6   | XOM: fog
 18565 | Lair:6   | XOM: destruction
 18627 | Lair:6   | XOM: confuse monster(s)
 18628 | Lair:6   | XOM: 1-stop teleportation journey
 18637 | Lair:6   | XOM: divination: detect creatures
 18704 | Lair:6   | XOM: cleaving
 18785 | Lair:6   | XOM: confuse monster(s)
 18921 | Lair:6   | XOM: enchant monster (good)
 19028 | Lair:6   | Found a staircase to the Elven Halls.
 19125 | Lair:6   | XOM: give mutations
 19125 | Lair:6   | Gained mutation: You have very sharp teeth. [Xom's grace]
 19125 | Lair:6   | Gained mutation: You have a pair of small antennae on your
                  | head. [Xom's grace]
 19125 | Lair:6   | Gained mutation: Your muscles are strong. (Str +2) [Xom's
                  | grace]
 19233 | Lair:6   | XOM: cleaving
 19308 | Lair:6   | Reached XP level 14. HP: 113/113 MP: 22/22
 19310 | Lair:6   | XOM: cast spell 'Summon Scorpions'
 19380 | Lair:6   | XOM: cleaving
 19391 | Lair:6   | XOM: confuse monster(s)
 19398 | Lair:6   | Reached skill level 10 in Armour
 19436 | Lair:6   | XOM: give mutations
 19436 | Lair:6   | Gained mutation: Armour fits poorly on your strangely
                  | shaped body. [Xom's mischief]
 19436 | Lair:6   | Gained mutation: Your body sometimes deteriorates upon
                  | taking damage. [Xom's mischief]
 19436 | Lair:6   | Gained mutation: You occasionally shout uncontrollably at
                  | your foes. [Xom's mischief]
 19436 | Lair:6   | Gained mutation: You are partially covered in iridescent
                  | scales. (AC +2) [Xom's mischief]
 19462 | Lair:6   | XOM: silly message
 19501 | Lair:6   | XOM: torment (66/115 hp)
 19503 | Lair:6   | XOM: give mutations
 19503 | Lair:6   | Lost mutation: You are partially covered in iridescent
                  | scales. (AC +2) [Xom's mischief]
 19503 | Lair:6   | Gained mutation: You sometimes yell uncontrollably at your
                  | foes. [Xom's mischief]
 19503 | Lair:6   | Gained mutation: Your mind is very acute. (Int +4) [Xom's
                  | mischief]
 19689 | Lair:6   | Found an ancient bone altar of Kikubaaqudgha.
 19938 | D:10     | Noticed Snorg
 19940 | D:10     | XOM: mild Air miscast
 19947 | D:10     | XOM: repel stairs
 19955 | D:10     | Killed Snorg
 20109 | D:10     | XOM: summons 1 hostile demon
 20345 | D:10     | Noticed Psyche
 20352 | D:10     | Killed Psyche
 20353 | D:10     | XOM: harmless Necr miscast
 20355 | D:10     | XOM: swap monsters
 20356 | D:10     | Noticed Frances
 20356 | D:10     | Frances changed into Frances the fire dragon
 20356 | D:10     | XOM: polymorph Frances -> Frances the fire dragon
 20370 | D:10     | Killed Frances the fire dragon
 20373 | D:10     | XOM: confuse monster(s)
 20462 | D:10     | XOM: harmless Conj miscast
 21312 | D:11     | Reached skill level 11 in Invocations
 21346 | D:11     | Noticed a balrug
 21354 | D:11     | XOM: summons 4 friendly demons
 21368 | D:11     | XOM: silly message
 21388 | D:11     | XOM: god gift: 32 gold pieces
 21531 | D:10     | XOM: scenery: create altars
 21535 | D:10     | XOM: mild Conj miscast
 21545 | D:11     | XOM: destruction
 21549 | D:11     | XOM: fog
 21621 | D:10     | XOM: confuse monster(s)
 21625 | D:10     | XOM: cast spell 'Monstrous Menagerie'
 21634 | D:11     | XOM: polymorph troll -> polar bear
 21747 | D:11     | XOM: harmless Hex miscast
 21854 | D:11     | XOM: harmless Necr miscast
 21903 | D:11     | Gained mutation: You are covered in fur. (AC +1)
                  | [evolution]
 21922 | D:11     | Found a staircase to the Orcish Mines.
 21964 | D:11     | XOM: give mutation
 21964 | D:11     | Lost mutation: You have a pair of small antennae on your
                  | head. [Xom's mischief]
 21978 | D:11     | XOM: harmless Necr miscast
 22172 | D:11     | XOM: scenery: create altars
 22538 | Orc      | Entered the Orcish Mines
 22600 | Orc      | XOM: enchant monster (bad)
 22667 | Orc      | XOM: medium Chrm miscast
 22928 | Orc      | Reached skill level 12 in Invocations
 23089 | Orc      | Noticed Erolcha
 23093 | Orc      | XOM: potion effect (berserk rage)
 23095 | Orc      | XOM: scenery: create altars
 23097 | Orc      | Killed Erolcha
 23170 | Orc      | XOM: scenery: create altars
 23289 | Orc      | XOM: harmless Erth miscast
 23417 | Orc      | XOM: polymorph orc warrior -> giant cockroach
 23469 | Orc      | Found a staircase to the Slime Pits.
 23471 | Orc      | Found a viscous altar of Jiyva.
 23694 | Orc      | Found Beyrhuit's General Store.
 23694 | Orc      | Found Paacuut's Distillery.
 23696 | Orc      | Found Dochyas's Jewellery Shoppe.
 23698 | Orc      | Found Ympeur's Assorted Antiques.
 23703 | Orc      | Bought a potion of experience for 800 gold pieces
 23703 | Orc      | Reached skill level 5 in Evocations
 23703 | Orc      | Reached XP level 15. HP: 124/124 MP: 25/25
 23851 | Orc      | Bought the ring "Uhannuof" {*Contam rC++ Stlth++} for 574
                  | gold pieces
 23854 | Orc      | Bought an uncursed ring of see invisible for 272 gold
                  | pieces
 23863 | Orc      | Bought a potion of haste for 280 gold pieces
 23933 | D:12     | Entered Level 12 of the Dungeon
 24099 | D:12     | XOM: fog
 24195 | D:12     | XOM: scenery: create altars
 24208 | D:12     | Reached XP level 16. HP: 131/131 MP: 12/26
 24292 | D:12     | XOM: divination: detect items
 24311 | D:12     | XOM: cast spell 'Leda's Liquefaction'
 24314 | D:12     | XOM: confuse monster(s)
 24323 | D:11     | XOM: smoke on damage
 24580 | D:12     | XOM: harmless Chrm miscast
 24611 | D:12     | XOM: potion effect (brilliance)
 24634 | D:12     | XOM: 5-stop teleportation journey
 24652 | D:12     | XOM: enchant monster (bad)
 24690 | D:12     | XOM: enchant monster (bad)
 24703 | D:12     | XOM: noise
 24734 | D:11     | XOM: summons friendly crimson imp
 24829 | D:12     | XOM: harmless Summ miscast
 24960 | D:12     | Got a masterwork spear
 25190 | D:12     | Identified the +3 spear of Ambiguity {venom, rF+ Int+7}
                  | (You found it on level 12 of the Dungeon)
 25220 | D:12     | XOM: enchant monster (bad)
 25270 | D:12     | XOM: harmless Summ miscast
 25317 | D:12     | Noticed Azrael
 25338 | D:12     | Killed Azrael
 25339 | D:12     | Reached skill level 10 in Evocations
 25486 | D:12     | XOM: divination: magic mapping
 25532 | D:12     | Found a staircase to the Depths.
 25655 | D:12     | Found a gate to the Vaults.
 25877 | Snake:1  | Entered Level 1 of the Snake Pit
 25979 | Snake:1  | XOM: enchant monster (good)
 26005 | Snake:1  | Reached skill level 13 in Invocations
 26118 | Snake:1  | XOM: enchant monster (good)
 26123 | Snake:1  | XOM: noise
 26449 | Snake:1  | Reached skill level 14 in Invocations
 26984 | Snake:1  | XOM: god gift: scroll of vulnerability
 27400 | Snake:2  | Noticed Vashnia
 27429 | Snake:2  | XOM: enchant monster (bad)
 27455 | Snake:2  | Reached skill level 15 in Invocations
 27563 | Snake:2  | XOM: confuse monster(s)
 27580 | Snake:2  | XOM: noise
 27581 | Snake:2  | XOM: god gift: peridot ring {god gift}
 27642 | Snake:2  | XOM: divination: detect creatures
 27791 | Snake:1  | XOM: cloud trail
 27876 | Snake:2  | Killed Vashnia
 27905 | Snake:2  | XOM: noise
 28130 | Snake:2  | XOM: summons 8 hostile demons
 28265 | Snake:1  | XOM: mild Air miscast
 28474 | D:10     | XOM: noise
 28679 | D:3      | Noticed Natasha
 28682 | D:3      | Killed Natasha
 28820 | D:3      | Lost mutation: Your body sometimes deteriorates upon taking
                  | damage. [evolution]
 28982 | D:6      | XOM: silly message
 29166 | Snake:2  | Noticed Jorgrun
 29179 | Snake:2  | Killed Jorgrun
 29182 | Snake:2  | XOM: harmless Hex miscast
 29241 | Snake:2  | XOM: confusion (+ monsters)
 29250 | Snake:2  | Identified Xom's Compendium of Hexes and Sinister Rites
                  | (Xom gifted it to you on level 2 of the Snake Pit)
 29250 | Snake:2  | XOM: god gift: Xom's Compendium of Hexes and Sinister Rites
 29271 | Snake:2  | Reached XP level 17. HP: 95/140 MP: 22/29
 29335 | Snake:2  | XOM: 1-stop teleportation journey
 29340 | Snake:2  | XOM: give mutations
 29340 | Snake:2  | Gained mutation: You frequently scream uncontrollably at
                  | your foes. [Xom's mischief]
 29340 | Snake:2  | Gained mutation: Scrolls take you a little longer to read.
                  | [Xom's mischief]
 29340 | Snake:2  | Lost mutation: You have large cloven feet. [Xom's mischief]
 29371 | Snake:2  | XOM: enchant monster (bad)
 29523 | Snake:2  | XOM: summons 8 hostile demons
 29540 | Snake:2  | Lost mutation: Armour fits poorly on your strangely shaped
                  | body. [potion of mutation]
 29540 | Snake:2  | Lost mutation: Scrolls take you a little longer to read.
                  | [potion of mutation]
 29540 | Snake:2  | Gained mutation: Armour fits poorly on your strangely
                  | shaped body. [potion of mutation]
 29540 | Snake:2  | Lost mutation: Armour fits poorly on your strangely shaped
                  | body. [potion of mutation]
 29540 | Snake:2  | Gained mutation: You are surrounded by a mild repulsion
                  | field. (EV +2) [potion of mutation]
 29666 | Snake:2  | Reached skill level 16 in Invocations
 29706 | Snake:2  | Noticed Aizul
 29714 | Snake:2  | Killed Aizul
 29970 | Snake:2  | XOM: 1-stop teleportation journey
 30141 | Snake:2  | XOM: harmless Air miscast
 30183 | Snake:2  | Reached skill level 15 in Fighting
 30389 | Snake:3  | Entered Level 3 of the Snake Pit
 30660 | Snake:3  | XOM: summons 8 hostile demons
 30697 | Snake:3  | Got a bronze leather armour
 30735 | Snake:3  | Noticed Kirke
 30750 | Snake:3  | Killed Kirke
 30986 | Snake:3  | Reached skill level 17 in Invocations
 31075 | Snake:3  | XOM: swap monsters
 31129 | Snake:3  | Noticed Roxanne
 31351 | Snake:3  | XOM: swap monsters
 31354 | Snake:3  | XOM: mild Tmut miscast
 31360 | Snake:3  | XOM: chaos upgrade
 31372 | Snake:3  | XOM: give mutations
 31372 | Snake:3  | Gained mutation: You are resistant to hostile enchantments.
                  | (MR+) [Xom's grace]
 31372 | Snake:3  | Gained mutation: You are partially covered in large bone
                  | plates. (SH +4) [Xom's grace]
 31372 | Snake:3  | Gained mutation: You are highly resistant to hostile
                  | enchantments. (MR++) [Xom's grace]
 31372 | Snake:3  | Gained mutation: You can translocate small distances at
                  | will. [Xom's grace]
 31373 | Snake:3  | XOM: chaos upgrade
 31391 | Snake:3  | XOM: harmless Ice miscast
 31474 | Snake:3  | XOM: summons 4 friendly demons
 31497 | Snake:3  | XOM: noise
 31503 | Snake:3  | XOM: harmless Hex miscast
 31507 | Snake:3  | XOM: harmless Air miscast
 31657 | Snake:3  | XOM: cast spell 'Cause Fear'
 31664 | Snake:3  | XOM: blink monster(s)
 31665 | Snake:3  | XOM: potion effect (invisibility)
 31671 | Snake:3  | Reached skill level 18 in Invocations
 31706 | Snake:3  | XOM: cast spell 'Time Stop'
 31900 | Snake:3  | XOM: fog
 31914 | Snake:3  | XOM: 2-stop teleportation journey
 31924 | Snake:3  | XOM: summons friendly crimson imp
 31928 | Snake:3  | XOM: cleaving
 31930 | Snake:3  | XOM: scenery: create altars
 31938 | Snake:3  | XOM: enchant monster (good)
 32042 | Snake:3  | XOM: summons 9 friendly demons
 32098 | Snake:3  | Reached skill level 19 in Invocations
 32132 | Snake:3  | XOM: 2-stop teleportation journey
 32138 | Snake:3  | XOM: scenery: create altars
 32154 | Snake:3  | XOM: god gift: phantom mirror
 32163 | Snake:3  | XOM: 7-stop teleportation journey
 32207 | Snake:3  | XOM: divination: detect items
 32408 | Snake:3  | XOM: polymorph naga mage -> black bear
 32469 | Snake:3  | Got a serpentine rune of Zot
 32725 | Snake:3  | Killed Roxanne
 32728 | Snake:3  | Identified Roxanne's Tome of Clay (You took it off Roxanne
                  | on level 3 of the Snake Pit)
 32836 | Snake:3  | XOM: god gift: 23 gold pieces
 33056 | Spider:1 | Entered Level 1 of the Spider Nest
 33075 | Spider:1 | XOM: summons 2 friendly demons
 33110 | Spider:1 | XOM: scenery: create altars
 33298 | Spider:1 | XOM: scenery: create altars
 33453 | Spider:1 | XOM: summons friendly quasit
 33467 | Spider:1 | XOM: divination: detect creatures
 33519 | Spider:1 | XOM: severe Fire miscast
 33558 | Spider:1 | XOM: harmless Tmut miscast
 33650 | Spider:1 | Noticed Nikola
 33683 | Spider:1 | Killed Nikola
 33838 | Spider:1 | XOM: 1-stop teleportation journey
 33867 | Spider:1 | Noticed Rupert
 33883 | Spider:1 | XOM: enchant monster (good)
 33889 | Spider:1 | Killed Rupert
 33890 | Spider:1 | Reached XP level 18. HP: 149/149 MP: 32/32
 34187 | Spider:1 | Gained mutation: You are extremely resistant to the effects
                  | of hostile enchantments. (MR+++) [evolution]
 34187 | Spider:1 | Lost mutation: You evolve. [end of evolution]
 34221 | Spider:2 | Noticed Arachne
 34234 | Spider:1 | Reached skill level 20 in Invocations
 34350 | Spider:2 | XOM: cast spell 'Discord'
 34378 | Spider:2 | XOM: fake destruction
 34393 | Spider:2 | XOM: cleaving
 34420 | Spider:2 | Killed Arachne
 34497 | Spider:2 | XOM is BORED!
 34537 | Spider:2 | XOM: confuse monster(s)
 34538 | Spider:2 | XOM: polymorph demonic crawler -> apocalypse crab
 34735 | Spider:2 | XOM: harmless Summ miscast
 35023 | Spider:2 | Identified the Grimoire of Creation and Hexes
 35140 | Spider:2 | XOM: medium Pois miscast
 35279 | Spider:2 | XOM: stat loss: -1 Int (22/23)
 35326 | Spider:3 | Entered Level 3 of the Spider Nest
 35438 | Spider:3 | XOM: confuse monster(s)
 35524 | Spider:2 | XOM: scenery: create altars
 35663 | Spider:3 | XOM: destruction
 35693 | Spider:3 | XOM: fog
 35704 | Spider:3 | XOM: divine lightning
 35715 | Spider:3 | XOM: summons friendly iron imp
 35727 | Spider:3 | XOM: divination: detect items
 35929 | Spider:3 | XOM: polymorph orb spider -> meliai
 36243 | Spider:3 | XOM: god gift: +0 pair of gloves of archery
 36457 | Spider:3 | XOM: scenery: create altars
 36459 | Spider:3 | XOM: cleaving
 36499 | Spider:3 | XOM: divination: magic mapping
 36511 | Spider:3 | XOM: summons friendly shadow imp
 36561 | Spider:3 | XOM: harmless Summ miscast
 36632 | Spider:3 | XOM: enchant monster (good)
 36812 | Spider:3 | XOM: silly message
 36822 | Spider:3 | XOM: swap monsters
 36975 | Spider:3 | Got a gossamer rune of Zot
 37287 | Vaults:1 | Entered Level 1 of the Vaults
 37300 | Vaults:1 | XOM: scenery: 1 doors open, 1 doors close
 37354 | Vaults:1 | XOM: harmless Tloc miscast
 37443 | Vaults:1 | XOM: summons friendly iron imp
 37473 | Vaults:1 | Noticed Zenata
 37481 | Vaults:1 | XOM: cast spell 'Olgreb's Toxic Radiance'
 37507 | Vaults:1 | XOM: confuse monster(s)
 37509 | Vaults:1 | Killed Zenata
 37778 | Vaults:1 | XOM: potion effect (might)
 37794 | Vaults:1 | XOM: potion effect (agility)
 37798 | Vaults:1 | Reached XP level 19. HP: 151/155 MP: 34/34
 37828 | Vaults:1 | XOM: silly message
 37879 | Vaults:1 | XOM: harmless Erth miscast
 37963 | Vaults:1 | XOM: polymorph ironheart preserver -> sea snake
 37970 | Vaults:1 | XOM: mild Summ miscast
 37975 | Vaults:1 | XOM: enchant monster (bad)
 37977 | Vaults:1 | XOM: summons friendly iron imp
 38155 | Vaults:1 | XOM: summons 4 friendly demons
 38169 | Vaults:1 | XOM: harmless Hex miscast
 38420 | Vaults:1 | XOM: confuse monster(s)
 38687 | Vaults:1 | XOM: harmless Chrm miscast
 38754 | Vaults:1 | Found a staircase to the Crypt.
 39002 | Vaults:1 | Noticed Donald
 39010 | Vaults:1 | XOM: confuse monster(s)
 39012 | Vaults:1 | Killed Donald
 39476 | Vaults:1 | Found a shattered altar of Ashenzari.
 39514 | Vaults:1 | XOM: mild Air miscast
 39567 | Vaults:2 | Found Mocwemiw's Weapon Boutique.
 39749 | Vaults:2 | XOM: give mutations
 39749 | Vaults:2 | Lost mutation: Your mind is very acute. (Int +4) [Xom's
                  | mischief]
 39767 | Vaults:2 | Reached skill level 15 in Dodging
 39767 | Vaults:2 | Reached skill level 15 in Evocations
 39960 | Vaults:2 | XOM: mild Fire miscast
 39971 | Vaults:2 | XOM: summons friendly shadow imp
 39991 | Vaults:2 | XOM: polymorph cyclops -> glowing shapeshifter
 39992 | Vaults:2 | Found Xetu's Antique Armour Shoppe.
 40097 | Vaults:2 | Bought a pair of runed boots for 262 gold pieces
 40181 | Vaults:2 | XOM: enchant monster (bad)
 40184 | Vaults:2 | XOM: fog
 40204 | Vaults:2 | XOM: mild Tmut miscast
 40205 | Vaults:2 | XOM: enchant monster (bad)
 40212 | Vaults:2 | XOM: swap monsters
 40216 | Vaults:2 | XOM: summons friendly ufetubus
 40269 | Vaults:2 | XOM: enchant monster (good)
 40273 | Vaults:2 | Reached skill level 21 in Invocations
 40391 | Vaults:2 | XOM: give mutations
 40391 | Vaults:2 | Gained mutation: You are agile. (Dex +2) [Xom's grace]
 40391 | Vaults:2 | Gained mutation: You have a pair of small horns on your
                  | head. [Xom's grace]
 40391 | Vaults:2 | Gained mutation: Your system is resistant to poisons.
                  | (rPois) [Xom's grace]
 40391 | Vaults:2 | Gained mutation: You possess an exceptional clarity of
                  | mind. [Xom's grace]
 40609 | Vaults:2 | XOM: summons friendly shadow imp
 40639 | Vaults:2 | XOM: summons 2 friendly demons
 40656 | Vaults:2 | XOM: 3-stop teleportation journey
 40663 | Vaults:2 | XOM: harmless Erth miscast
 40667 | Vaults:2 | XOM: smoke on damage
 40681 | Vaults:2 | XOM: harmless Ice miscast
 40686 | Vaults:2 | XOM: polymorph ironheart preserver -> alligator snapping
                  | turtle
 40693 | Vaults:2 | XOM: cleaving
 40702 | Vaults:2 | XOM: blink monster(s)
 40826 | Vaults:2 | Reached XP level 20. HP: 162/162 MP: 35/35
 40877 | Vaults:2 | XOM: polymorph green ugly thing -> iron troll
 40901 | Vaults:2 | XOM: potion effect (invisibility)
 40902 | Vaults:2 | XOM: harmless Necr miscast
 40914 | Vaults:2 | XOM: divination: magic mapping
 40971 | Vaults:2 | XOM: mild Erth miscast
 41012 | Vaults:2 | Reached skill level 22 in Invocations
 41067 | Vaults:2 | XOM: potion effect (haste)
 41790 | Elf:1    | Entered Level 1 of the Elven Halls
 41870 | Elf:1    | Found a radiant altar of Vehumet.
 41892 | Elf:1    | XOM: harmless Pois miscast
 41984 | Elf:1    | Found Haanual's Book Shoppe.
 42056 | Elf:1    | XOM: divination: detect items
 42145 | Elf:1    | XOM: confuse monster(s)
 42165 | Elf:1    | XOM: divine lightning
 42169 | Elf:1    | XOM: cleaving
 42250 | Elf:1    | XOM: fog
 42298 | Elf:1    | Found Beill's Book Emporium.
 42363 | Elf:1    | XOM: summons 16 friendly demons
 42365 | Elf:1    | XOM: cleaving
 42370 | Elf:1    | XOM: enchant monster (good)
 42639 | Elf:1    | XOM: summons 7 friendly demons
 42727 | Elf:1    | Found Achafufa's Armour Boutique.
 42831 | Elf:1    | Found Peib's Antique Armour Boutique.
 42849 | Elf:1    | XOM: summons friendly iron imp
 42897 | Elf:1    | XOM: swap monsters
 42970 | Elf:1    | XOM: give mutation
 43025 | Elf:1    | Found Hetykue's Assorted Antiques.
 43041 | Elf:1    | Bought a potion of heal wounds for 150 gold pieces
 43095 | Elf:1    | XOM: give mutations
 43095 | Elf:1    | Lost mutation: You possess an exceptional clarity of mind.
                  | [Xom's mischief]
 43095 | Elf:1    | Lost mutation: You have a pair of small horns on your head.
                  | [Xom's mischief]
 43148 | Elf:1    | XOM: noise
 43250 | Elf:2    | Found Leufec's Armour Emporium.
 43267 | Elf:2    | XOM: summons 4 hostile shadow creatures
 43273 | Elf:2    | XOM: blink monster(s)
 43469 | Elf:2    | Bought the +1 cloak of Elos {+Fly rPois rC+ rN+ Dex-3} for
                  | 554 gold pieces
 43494 | Elf:2    | XOM: blink monster(s)
 43527 | Elf:2    | XOM: enchant monster (bad)
 43748 | Elf:2    | Found a runed door.
 43773 | Elf:2    | Found a runed door.
 43822 | Elf:2    | XOM: polymorph deep elf demonologist -> death drake
 43901 | Elf:2    | Identified the +6 plate armour "Gaechum" {Dex+4 Slay+3}
                  | (You found it on level 2 of the Elven Halls)
 43903 | Elf:2    | Identified the cursed ring of Heeckais {*Tele Int+4 Dex-4}
                  | (You found it on level 2 of the Elven Halls)
 43905 | Elf:2    | XOM: stat loss: -1 Int (20/21)
 43927 | Elf:2    | Lost mutation: You are agile. (Dex +2) [mutagenic glow]
 43976 | Elf:2    | Gained mutation: Scrolls take you a little longer to read.
                  | [mutagenic glow]
 44010 | Elf:2    | Lost mutation: You frequently scream uncontrollably at your
                  | foes. [potion of mutation]
 44010 | Elf:2    | Lost mutation: Your mind is acute. (Int +2) [potion of
                  | mutation]
 44010 | Elf:2    | Lost mutation: You are surrounded by a mild repulsion
                  | field. (EV +2) [potion of mutation]
 44010 | Elf:2    | Gained mutation: You do not regenerate when monsters are
                  | visible. [potion of mutation]
 44010 | Elf:2    | Gained mutation: Your flesh is cold resistant. (rC+)
                  | [potion of mutation]
 44011 | Elf:2    | Lost mutation: You are extremely resistant to the effects
                  | of hostile enchantments. (MR+++) [potion of mutation]
 44011 | Elf:2    | Lost mutation: Scrolls take you a little longer to read.
                  | [potion of mutation]
 44011 | Elf:2    | Gained mutation: You possess an exceptional clarity of
                  | mind. [potion of mutation]
 44011 | Elf:2    | Gained mutation: You are partially covered in slimy green
                  | scales. (AC +2) [potion of mutation]
 44012 | Elf:2    | Lost mutation: You are covered in fur. (AC +1) [potion of
                  | mutation]
 44012 | Elf:2    | Lost mutation: You are partially covered in large bone
                  | plates. (SH +4) [potion of mutation]
 44012 | Elf:2    | Gained mutation: You are extremely resistant to the effects
                  | of hostile enchantments. (MR+++) [potion of mutation]
 44013 | Elf:2    | Lost mutation: You possess an exceptional clarity of mind.
                  | [potion of mutation]
 44013 | Elf:2    | Lost mutation: You are extremely resistant to the effects
                  | of hostile enchantments. (MR+++) [potion of mutation]
 44013 | Elf:2    | Lost mutation: You are highly resistant to hostile
                  | enchantments. (MR++) [potion of mutation]
 44013 | Elf:2    | Lost mutation: You can translocate small distances at will.
                  | [potion of mutation]
 44013 | Elf:2    | Gained mutation: You are partially covered in iridescent
                  | scales. (AC +2) [potion of mutation]
 44013 | Elf:2    | Lost mutation: Your system is resistant to poisons. (rPois)
                  | [potion of mutation]
 44013 | Elf:2    | Gained mutation: You are highly resistant to hostile
                  | enchantments. (MR++) [potion of mutation]
 44014 | Elf:2    | Lost mutation: You are highly resistant to hostile
                  | enchantments. (MR++) [potion of mutation]
 44014 | Elf:2    | Lost mutation: You are partially covered in iridescent
                  | scales. (AC +2) [potion of mutation]
 44014 | Elf:2    | Gained mutation: You have a pair of small horns on your
                  | head. [potion of mutation]
 44014 | Elf:2    | Lost mutation: You sometimes yell uncontrollably at your
                  | foes. [potion of mutation]
 44014 | Elf:2    | Gained mutation: You possess an exceptional clarity of
                  | mind. [potion of mutation]
 44015 | Elf:2    | Lost mutation: You have a pair of small horns on your head.
                  | [potion of mutation]
 44015 | Elf:2    | Lost mutation: Your muscles are strong. (Str +2) [potion of
                  | mutation]
 44015 | Elf:2    | Lost mutation: You possess an exceptional clarity of mind.
                  | [potion of mutation]
 44015 | Elf:2    | Gained mutation: Your flesh is very cold resistant. (rC++)
                  | [potion of mutation]
 44047 | Elf:2    | XOM: give mutation
 44047 | Elf:2    | Gained mutation: Scrolls take you a little longer to read.
                  | [Xom's mischief]
 44065 | Elf:2    | XOM: confusion
 44351 | Elf:2    | XOM: give mutations
 44351 | Elf:2    | Lost mutation: Scrolls take you a little longer to read.
                  | [Xom's mischief]
 44351 | Elf:2    | Gained mutation: You are dopey. (Int -2) [Xom's mischief]
 44351 | Elf:2    | Gained mutation: Your movements are slightly less
                  | encumbered by armour. (ER -2) [Xom's mischief]
 44351 | Elf:2    | Lost mutation: You occasionally shout uncontrollably at
                  | your foes. [Xom's mischief]
 44727 | Elf:2    | XOM: 4-stop teleportation journey
 44760 | Elf:2    | XOM: 1-stop teleportation journey
 44835 | Elf:2    | XOM: mild Summ miscast
 45070 | Elf:2    | XOM: god gift: 169 stones
 45071 | Elf:2    | XOM: mild Erth miscast
 45168 | Elf:2    | XOM: divination: detect creatures
 45326 | Elf:3    | Entered Level 3 of the Elven Halls
 45361 | Elf:2    | XOM: enchant monster (good)
 45421 | Elf:2    | XOM: god gift: scroll of amnesia
 45489 | Elf:3    | XOM: enchant monster (good)
 45839 | Elf:3    | XOM: noise
 45847 | Elf:3    | XOM: summons friendly iron imp
 45868 | Elf:3    | Reached skill level 15 in Armour
 45868 | Elf:3    | XOM: enchant monster (good)
 45874 | Elf:3    | Reached XP level 21. HP: 52/168 MP: 37/37
 46571 | Elf:3    | Identified the +4 battleaxe of Imbalance {speed, +Fly
                  | rPois}
 46584 | Elf:3    | XOM: cast spell 'Summon Small Mammal'
 46927 | Elf:3    | XOM: destruction
 46955 | Elf:3    | XOM: scenery: 1 doors close
 46965 | Elf:3    | Identified the cursed +1 short sword "Agoen" {pierce,
                  | Str+2}
 47047 | Elf:3    | XOM: noise
 47095 | Elf:3    | XOM: scenery: create altars
 47135 | Elf:3    | Identified the Compendium of Warped Feathers
 47205 | Elf:3    | Identified the Incunabulum of the Frostbite and Attacks
 47294 | Elf:3    | XOM: summons 16 friendly demons
 47356 | Elf:3    | XOM: summons 1 hostile shadow creature
 47514 | Elf:3    | Identified the ring of Dithmenos's Reproof {Str+4 Stlth++}
 47637 | Elf:3    | XOM: scenery: create altars
 47658 | Elf:3    | XOM: divination: detect items
 47807 | Elf:3    | XOM: scenery: 1 doors close
 47862 | Elf:3    | Identified the +0 cloak of the Stars {+Fly Int+3} (You
                  | acquired it on level 3 of the Elven Halls)
 47862 | Elf:3    | Identified the ring "Gias Leo" {AC+6 Str+3} (You acquired
                  | it on level 3 of the Elven Halls)
 47966 | Elf:1    | Identified the ring "Ashu" {-Tele rElec Str+3 Int+2} (You
                  | acquired it on level 1 of the Elven Halls)
 48278 | Vaults:1 | XOM: 4-stop teleportation journey
 48361 | Crypt:1  | Entered Level 1 of the Crypt
 48440 | Crypt:1  | XOM: summons 4 friendly demons
 48446 | Crypt:1  | XOM: enchant monster (good)
 48450 | Crypt:1  | XOM: scenery: 3 fountains blood, 3 doors close
 48585 | Crypt:1  | XOM: fake destruction
 48588 | Crypt:1  | XOM: confusion
 48654 | Crypt:1  | XOM: silly message
 48682 | Crypt:1  | XOM: summons 2 hostile shadow creatures
 48784 | Crypt:1  | XOM: 4-stop teleportation journey
 48841 | Crypt:1  | Noticed Khufu
 48847 | Crypt:1  | Noticed a greater mummy
 48848 | Crypt:1  | Noticed a greater mummy
 48850 | Crypt:1  | Killed Khufu
 48851 | Crypt:1  | XOM: harmless Fire miscast
 48856 | Crypt:1  | Killed a greater mummy
 48859 | Crypt:1  | XOM: harmless Necr miscast
 48872 | Crypt:1  | XOM: divination: detect items
 49305 | Crypt:1  | XOM: cleaving
 49595 | Crypt:1  | Killed a greater mummy
 49673 | Crypt:1  | XOM: 5-stop teleportation journey
 49784 | Crypt:1  | XOM: summons 5 friendly demons
 49797 | Crypt:1  | XOM: confusion (+ monsters)
 49816 | Crypt:1  | XOM: repel stairs
 50152 | Crypt:2  | Entered Level 2 of the Crypt
 50300 | Crypt:2  | XOM: cast spell 'Death Channel'
 50393 | Crypt:2  | XOM: smoke on damage
 50476 | Crypt:1  | XOM: medium Chrm miscast
 50503 | Crypt:1  | XOM: give mutation
 50598 | Crypt:1  | Reached XP level 22. HP: 178/186 MP: 38/38
 50814 | Crypt:2  | Found a basalt altar of Yredelemnul.
 50856 | Crypt:2  | Found a staircase to the Tomb.
 50927 | Crypt:2  | XOM: noise
 51015 | Crypt:2  | Noticed an ancient lich
 51015 | Crypt:2  | Identified the ring of Yxzek {rElec rN+}
 51028 | Crypt:2  | XOM: harmless Tloc miscast
 51047 | Crypt:2  | XOM: noise
 51073 | Crypt:2  | XOM: fog
 51075 | Crypt:2  | XOM: god gift: 203 stones
 51229 | Crypt:2  | Identified the ring of Seuma {*Contam rElec rN+ Str+6}
 51241 | Crypt:2  | XOM: cloud trail
 51742 | Crypt:2  | XOM: summons 1 hostile demon
 51760 | Crypt:2  | Killed an ancient lich
 51804 | Crypt:2  | XOM: summons 2 hostile demons
 51814 | Crypt:2  | Noticed an ancient lich
 51831 | Crypt:2  | XOM: mild Necr miscast
 52065 | Crypt:2  | XOM: harmless Hex miscast
 52088 | Crypt:2  | XOM: chaos cloud
 52095 | Crypt:2  | Killed an ancient lich
 52115 | Crypt:2  | Identified the Reference Book on Execration and Aid
 52118 | Crypt:2  | Identified the ring of Lady Luck {rN+ Stlth+}
 52420 | Crypt:2  | XOM: harmless Summ miscast
 52498 | Crypt:2  | XOM: mild Hex miscast
 52507 | Crypt:2  | XOM: noise
 52519 | Crypt:2  | Found a shimmering blue altar of Sif Muna.
 52519 | Crypt:2  | Identified the amulet of Equeddy {RegenMP Str+2}
 52551 | Crypt:2  | XOM: enchant monster (bad)
 52567 | Crypt:2  | XOM: harmless Tloc miscast
 53083 | D:10     | XOM: cloud trail
 53143 | Lair:1   | XOM: harmless Hex miscast
 53291 | Elf:1    | Bought a scroll of acquirement for 1560 gold pieces
 53292 | Elf:1    | Identified the +0 pair of boots "Hero's Friend" {+Inv rC+}
                  | (You acquired it on level 1 of the Elven Halls)
 53509 | D:10     | XOM: divination: detect creatures
 53519 | D:10     | XOM: mild Summ miscast
 53584 | Depths:1 | Entered Level 1 of the Depths
 53595 | Depths:1 | XOM: divination: detect items
 53628 | Depths:1 | XOM: chaos upgrade
 53704 | Depths:1 | Identified the cursed +0 helmet "Emeidus" {rF+ rN+ MR-
                  | Str+7}
 53999 | Crypt:1  | XOM: mild Chrm miscast
 54141 | Depths:1 | Found a one-way gate to the infinite horrors of the Abyss.
 54141 | Depths:1 | Noticed Louise
 54144 | Depths:1 | XOM: enchant monster (bad)
 54156 | Depths:1 | Killed Louise
 54205 | Depths:1 | Found Enaonuk's Magic Scroll Shop.
 54205 | Depths:1 | Found Yskusuat's Magic Scroll Boutique.
 54213 | Depths:1 | Bought a scroll of revelation for 56 gold pieces
 54213 | Depths:1 | Bought a scroll of enchant weapon for 105 gold pieces
 54213 | Depths:1 | Bought a scroll of fear for 70 gold pieces
 54213 | Depths:1 | Bought a scroll of blinking for 105 gold pieces
 54262 | Depths:1 | XOM: mild Air miscast
 54439 | Depths:1 | Found a gateway to Hell.
 54606 | Depths:1 | Bought a scroll of enchant weapon for 150 gold pieces
 54626 | Depths:2 | XOM: repel stairs
 54628 | Depths:2 | XOM: summons 2 friendly demons
 54642 | Depths:2 | XOM: enchant monster (good)
 54813 | Depths:2 | XOM: blink monster(s)
 54889 | Depths:2 | XOM: confusion (+ monsters)
 54939 | Depths:2 | XOM: harmless Air miscast
 54954 | Depths:2 | Found a portal to a secret trove of treasure.
 55079 | Depths:2 | XOM: divination: detect creatures
 55087 | Depths:2 | Found Siybrun's Gadget Boutique.
 55304 | Depths:2 | Found Vughin's Weapon Shoppe.
 55349 | Depths:2 | XOM: potion effect (berserk rage)
 55456 | Depths:2 | XOM: harmless Summ miscast
 55983 | Depths:3 | Found a gateway to a ziggurat.
 56091 | Depths:3 | XOM: silly message
 56092 | Depths:3 | XOM: enchant monster (good)
 56114 | Depths:3 | XOM: polymorph spriggan -> ogre
 56428 | Depths:3 | XOM: swap monsters
 56461 | Depths:3 | Reached XP level 23. HP: 182/196 MP: 39/39
 56461 | Depths:3 | XOM: mild Air miscast
 56534 | Depths:3 | Found a one-way gate leading to the halls of Pandemonium.
 56558 | Depths:3 | XOM: blink monster(s)
 56566 | Depths:3 | XOM: potion effect (might)
 56571 | Depths:3 | XOM: confusion (+ monsters)
 56626 | Depths:3 | XOM: noise
 56695 | Depths:3 | XOM: blink monster(s)
 56703 | Depths:3 | Identified the cursed ring "Itzuplosec" {Ice rPois}
 56706 | Depths:3 | XOM: summons friendly crimson imp
 56717 | Depths:3 | XOM: harmless Fire miscast
 56901 | Depths:3 | XOM: polymorph deep troll -> merfolk
 56948 | Depths:3 | XOM: cloud trail
 56998 | Depths:3 | XOM: confuse monster(s)
 57248 | Depths:4 | Noticed a golden dragon
 57251 | Depths:4 | Noticed a golden dragon
 57262 | Depths:3 | XOM: polymorph spriggan defender -> queen ant
 57310 | Depths:3 | XOM: summons friendly quasit
 57322 | Depths:3 | Killed a golden dragon
 57323 | Depths:3 | XOM: divination: detect items
 57352 | Depths:3 | XOM: divine lightning
 57355 | Depths:3 | Killed a golden dragon
 57412 | Depths:3 | XOM: enchant monster (good)
 57469 | Depths:4 | Identified the Compendium of Envenoming and Moulding
 57493 | Depths:4 | Noticed Jory
 57537 | Depths:3 | XOM: swap monsters
 57552 | Depths:3 | Killed Jory
 57658 | Depths:4 | Identified the ring of Wiryttur {Str+5 Stlth--}
 57755 | Depths:4 | XOM: divination: detect items
 57802 | Depths:4 | Cast into level 1 of the Abyss (Xom)
 57994 | Abyss:2  | XOM: harmless Tloc miscast
 58013 | Abyss:2  | Found a sparkling altar of Nemelex Xobeh.
 58021 | Abyss:2  | XOM: medium Tmut miscast
 58093 | Abyss:3  | Found a glowing golden altar of the Shining One.
 58141 | Abyss:3  | Noticed a juggernaut
 58142 | Abyss:3  | a juggernaut changed into a titan
 58142 | Abyss:3  | XOM: polymorph juggernaut -> titan
 58153 | Abyss:3  | Got an abyssal rune of Zot
 58237 | Abyss:3  | XOM: destruction
 58274 | Abyss:3  | XOM: give mutations
 58274 | Abyss:3  | Lost mutation: You do not regenerate when monsters are
                  | visible. [Xom's mischief]
 58274 | Abyss:3  | Lost mutation: You are dopey. (Int -2) [Xom's mischief]
 58274 | Abyss:3  | Lost mutation: You are resistant to hostile enchantments.
                  | (MR+) [Xom's mischief]
 58282 | Depths:4 | Escaped the Abyss
 58389 | Depths:4 | XOM: mild Fire miscast
 58662 | Depths:4 | XOM: summons 3 hostile demons
 58699 | Depths:4 | XOM: cloud trail
 58719 | Depths:4 | Identified the +4 hand axe of Yxzae {drain, Int+5}
 58791 | Depths:4 | XOM: give mutations
 58791 | Depths:4 | Lost mutation: Your flesh is very cold resistant. (rC++)
                  | [Xom's mischief]
 58791 | Depths:4 | Gained mutation: Scrolls take you a little longer to read.
                  | [Xom's mischief]
 58791 | Depths:4 | Gained mutation: Your body sometimes deteriorates upon
                  | taking damage. [Xom's mischief]
 58791 | Depths:4 | Gained mutation: You are covered in fur. (AC +1) [Xom's
                  | mischief]
 58883 | Depths:4 | XOM: mild Tloc miscast
 58972 | Depths:5 | Entered Level 5 of the Depths
 58977 | Depths:5 | Identified the +8 faerie dragon scales {rCorr Str+3 Dex+5
                  | Slay-5 Stlth+}
 58977 | Depths:5 | Noticed the Enchantress
 58978 | Depths:5 | XOM: smoke on damage
 58986 | Depths:4 | XOM: blink monster(s)
 58990 | Depths:4 | XOM: swap monsters
 59027 | Depths:4 | XOM: confuse monster(s)
 59029 | Depths:4 | Noticed the Enchantress
 59029 | Depths:4 | the Enchantress changed into the Enchantress the iron troll
 59029 | Depths:4 | XOM: polymorph the Enchantress -> the Enchantress the iron
                  | troll
 59034 | Depths:4 | Killed the Enchantress the iron troll
 59270 | Depths:5 | Found a large runed door.
 59379 | Depths:5 | XOM: summons 7 hostile demons
 59615 | Depths:5 | XOM: confuse monster(s)
 59634 | Depths:5 | Noticed Xtahua
 59637 | Depths:5 | XOM: confusion (+ monsters)
 59641 | Depths:5 | Killed Xtahua
 59672 | Depths:5 | XOM: harmless Ice miscast
 59703 | Depths:5 | Found a large runed door.
 59787 | Depths:5 | Found Ydo Qothuorch's Armour Shop.
 59879 | Depths:5 | Found a large runed door.
 60082 | Depths:5 | XOM: fog
 60184 | Depths:5 | XOM: scenery: create altars
 60189 | Depths:5 | Reached XP level 24. HP: 204/204 MP: 39/39
 60250 | Depths:5 | Noticed a golden dragon
 60253 | Depths:5 | Noticed a golden dragon
 60265 | Depths:5 | XOM: summons friendly white imp
 60268 | Depths:5 | XOM: summons friendly white imp
 60274 | Depths:5 | Killed a golden dragon
 60283 | Depths:5 | Killed a golden dragon
 60348 | Depths:5 | XOM: give mutations
 60348 | Depths:5 | Gained mutation: You are dopey. (Int -2) [Xom's mischief]
 60348 | Depths:5 | Lost mutation: You are dopey. (Int -2) [Xom's mischief]
 60348 | Depths:5 | Lost mutation: Scrolls take you a little longer to read.
                  | [Xom's mischief]
 60348 | Depths:5 | Gained mutation: You are frail. (-10% HP) [Xom's mischief]
 60375 | Depths:5 | Found a gate to the Realm of Zot.
 60422 | Depths:5 | Found a large runed door.
 60461 | Zot:1    | Entered Level 1 of the Realm of Zot
 60581 | Zot:1    | XOM: confusion (+ monsters)
 60663 | Zot:1    | XOM: enchant monster (good)
 60681 | Zot:1    | XOM: blink monster(s)
 60687 | Zot:1    | XOM: swap monsters
 60753 | Zot:2    | XOM: polymorph moth of wrath -> lindwurm
 60764 | Zot:1    | XOM: polymorph purple draconian -> ice dragon
 60843 | Zot:1    | XOM: confuse monster(s)
 60895 | Zot:1    | XOM: noise
 60966 | Zot:1    | XOM: summons 7 hostile demons
 61095 | Zot:1    | XOM: enchant monster (bad)
 61102 | Zot:1    | XOM: noise
 61104 | Zot:1    | XOM: repel stairs
 61109 | Zot:1    | XOM: chaos cloud
 61112 | Zot:1    | XOM: blink monster(s)
 61116 | Zot:1    | XOM: divination: magic mapping
 61126 | Zot:1    | Paralysed by you for 4 turns
 61128 | Zot:1    | Noticed a golden dragon
 61134 | Zot:1    | Killed a golden dragon
 61466 | Zot:2    | XOM: summons friendly ufetubus
 61471 | Zot:2    | XOM: summons 2 friendly demons
 61493 | Zot:2    | XOM: polymorph moth of wrath -> faun
 61551 | Zot:2    | XOM: scenery: create altars
 61614 | Zot:2    | XOM: god gift: staff of wizardry
 61807 | Zot:2    | XOM: divine lightning
 61905 | Zot:2    | Identified the amulet of the Peasants {Spirit +Blink}
 62153 | Zot:2    | XOM: divination: magic mapping
 62209 | Zot:2    | XOM: divine lightning
 62274 | Zot:2    | XOM: cloud trail
 62291 | Zot:2    | Identified the +4 flail "Wiwubes" {freeze, +Blink Dex+4}
 62479 | Zot:2    | XOM: god gift: 23 gold pieces
 62749 | Zot:3    | XOM: summons 2 friendly demons
 62812 | Zot:3    | Noticed a golden dragon
 62829 | Zot:3    | Killed a golden dragon
 62840 | Zot:3    | XOM: cleaving
 62928 | Zot:3    | XOM: summons 13 friendly demons
 63041 | Zot:3    | XOM: potion effect (agility)
 63290 | Zot:4    | Reached XP level 25. HP: 189/189 MP: 39/39
 63613 | Zot:4    | XOM: give mutations
 63613 | Zot:4    | Gained mutation: Scrolls take you a little longer to read.
                  | [Xom's mischief]
 63613 | Zot:4    | Gained mutation: You have a pair of small horns on your
                  | head. [Xom's mischief]
 63613 | Zot:4    | Lost mutation: You have a pair of small horns on your head.
                  | [Xom's mischief]
 63685 | Zot:4    | XOM: harmless Chrm miscast
 63709 | Zot:4    | Noticed a Killer Klown
 63710 | Zot:4    | XOM: cleaving
 63722 | Zot:4    | Killed a Killer Klown
 63723 | Zot:4    | XOM: cast spell 'Shadow Creatures'
 63742 | Zot:4    | XOM: summons friendly white imp
 63756 | Zot:4    | XOM: butterfly on damage
 63994 | Zot:4    | Lost mutation: You are frail. (-10% HP) [potion of
                  | mutation]
 63994 | Zot:4    | Lost mutation: Your movements are slightly less encumbered
                  | by armour. (ER -2) [potion of mutation]
 63994 | Zot:4    | Lost mutation: You are covered in fur. (AC +1) [potion of
                  | mutation]
 63994 | Zot:4    | Lost mutation: Scrolls take you a little longer to read.
                  | [potion of mutation]
 63994 | Zot:4    | Gained mutation: Your flesh is heat resistant. (rF+)
                  | [potion of mutation]
 63994 | Zot:4    | Gained mutation: You are resistant to electric shocks.
                  | (rElec) [potion of mutation]
 64128 | Zot:4    | Noticed a golden dragon
 64138 | Zot:4    | Killed a golden dragon
 64174 | Zot:4    | Noticed a golden dragon
 64175 | Zot:4    | Noticed a golden dragon
 64176 | Zot:4    | Noticed a golden dragon
 64181 | Zot:4    | Killed a golden dragon
 64327 | Zot:4    | Killed a golden dragon
 64359 | Zot:4    | Killed a golden dragon
 64380 | Zot:4    | Noticed a golden dragon
 64382 | Zot:4    | XOM: confuse monster(s)
 64403 | Zot:4    | Identified the +4 dragonskin cloak
 64403 | Zot:4    | Noticed Tiamat
 64411 | Zot:4    | Killed a golden dragon
 64420 | Zot:4    | Killed a golden dragon
 64672 | Zot:4    | XOM: give mutations
 64672 | Zot:4    | Gained mutation: You have sharp toenails. [Xom's grace]
 64672 | Zot:4    | Lost mutation: You have very sharp teeth. [Xom's grace]
 64672 | Zot:4    | Gained mutation: You have a beak for a mouth. [Xom's grace]
 65013 | Zot:4    | XOM: summons friendly shadow imp
 65033 | Zot:4    | XOM: divination: magic mapping
 65265 | Zot:4    | Killed Tiamat
 65388 | Zot:4    | Found the +1 giant club "Skullcrusher" {antimagic, -Cast
                  | *Drain rN+ MR+ AC+6}
 65394 | Zot:4    | Identified the +9 whip "Huid" {slash, rPois MP+9 Str-3
                  | Int-5}
 65547 | Zot:4    | XOM: give mutations
 65547 | Zot:4    | Gained mutation: You possess an exceptional clarity of
                  | mind. [Xom's grace]
 65547 | Zot:4    | Gained mutation: You are partially covered in iridescent
                  | scales. (AC +2) [Xom's grace]
 65568 | Zot:4    | Identified the +6 flail "Ymisuw" {crush, +Rage rC+ Stlth+}
 65577 | Zot:4    | XOM: give mutations
 65577 | Zot:4    | Gained mutation: You have a pair of small horns on your
                  | head. [Xom's grace]
 65577 | Zot:4    | Gained mutation: You are partially covered in rugged brown
                  | scales. (AC +1, +3% HP) [Xom's grace]
 65581 | Zot:4    | XOM: scenery: create altars
 65714 | Depths:4 | XOM: give mutations
 65714 | Depths:4 | Gained mutation: Your flesh is very heat resistant. (rF++)
                  | [Xom's grace]
 65714 | Depths:4 | Gained mutation: You are agile. (Dex +2) [Xom's grace]
 65714 | Depths:4 | Gained mutation: Your system is resistant to poisons.
                  | (rPois) [Xom's grace]
 65714 | Depths:4 | Gained mutation: Your muscles are strong. (Str +2) [Xom's
                  | grace]
 65757 | Depths:1 | XOM: harmless Fire miscast
 66472 | Zot:5    | XOM: stealth player
 66472 | Zot:5    | Entered Level 5 of the Realm of Zot
 66903 | Zot:5    | Noticed an orb of fire
 66956 | Zot:5    | XOM: potion effect (haste)
 66956 | Zot:5    | Gained mutation: Your body often deteriorates upon taking
                  | damage. [an orb of fire]
 66965 | Zot:5    | Killed an orb of fire
 66999 | Zot:5    | Noticed an ancient lich
 67001 | Zot:5    | Killed an ancient lich
 67260 | Zot:5    | Noticed an orb of fire
 67277 | Zot:5    | Killed an orb of fire
 67278 | Zot:5    | Reached skill level 23 in Invocations
 67278 | Zot:5    | Reached XP level 26. HP: 211/224 MP: 33/39
 67352 | Zot:5    | Noticed a Killer Klown
 67354 | Zot:5    | XOM: noise
 67363 | Zot:5    | Noticed an ancient lich
 67366 | Zot:5    | Noticed a Killer Klown
 67369 | Zot:5    | Killed a Killer Klown
 67369 | Zot:5    | XOM: harmless Conj miscast
 67376 | Zot:5    | Killed a Killer Klown
 67387 | Zot:5    | Killed an ancient lich
 67404 | Zot:5    | Noticed an ancient lich
 67409 | Zot:5    | Noticed an orb of fire
 67411 | Zot:5    | Killed an ancient lich
 67414 | Zot:5    | Gained mutation: You do not regenerate when monsters are
                  | visible. [an orb of fire]
 67416 | Zot:5    | XOM: cast spell 'Summon Scorpions'
 67417 | Zot:5    | XOM: confuse monster(s)
 67418 | Zot:5    | Gained mutation: You occasionally shout uncontrollably at
                  | your foes. [an orb of fire]
 67429 | Zot:5    | XOM: divination: magic mapping
 67429 | Zot:5    | Lost mutation: Your muscles are strong. (Str +2) [an orb of
                  | fire]
 67433 | Zot:5    | Killed an orb of fire
 67434 | Zot:5    | Reached skill level 24 in Invocations
 67452 | Zot:5    | XOM: potion effect (brilliance)
 67485 | Zot:5    | XOM: summons 1 hostile demon
 67486 | Zot:5    | XOM: fog
 67648 | Zot:5    | XOM: confuse monster(s)
 67861 | Zot:5    | Noticed an ancient lich
 68012 | Zot:5    | XOM: divination: magic mapping
 68013 | Zot:5    | XOM: cleaving
 68023 | Zot:4    | Killed an ancient lich
 68108 | Zot:5    | XOM: fog
 68115 | Zot:5    | XOM: enchant monster (good)
 68301 | Zot:5    | Reached skill level 25 in Invocations
 68308 | Zot:5    | Noticed an ancient lich
 68393 | Zot:5    | Noticed an orb of fire
 68413 | Zot:5    | XOM: swap monsters
 68415 | Zot:5    | Gained mutation: Scrolls take you a little longer to read.
                  | [an orb of fire]
 68495 | Zot:5    | XOM: noise
 68500 | Zot:5    | Killed an orb of fire
 68551 | Zot:5    | Killed an ancient lich
 68614 | Zot:5    | XOM: polymorph Orb Guardian -> goliath frog
 68614 | Zot:5    | Noticed an orb of fire
 68620 | Zot:5    | Gained mutation: You are dopey. (Int -2) [an orb of fire]
 68626 | Zot:5    | XOM: chaos upgrade
 68629 | Zot:5    | Killed an orb of fire
 68642 | Zot:5    | Noticed an ancient lich
 68645 | Zot:5    | XOM: medium Tmut miscast
 68654 | Zot:5    | Killed an ancient lich
 68655 | Zot:5    | Reached skill level 26 in Invocations
 68714 | Zot:5    | XOM: smoke on damage
 68738 | Zot:5    | Noticed an ancient lich
 68747 | Zot:5    | Killed an ancient lich
 68825 | Zot:5    | XOM: divination: detect items
 68831 | Zot:5    | Reached skill level 27 in Invocations
 68831 | Zot:5    | Reached XP level 27. HP: 195/230 MP: 40/41
 69011 | Zot:5    | XOM: god gift: ration
 69061 | Zot:5    | Got the Orb of Zot
 69165 | Zot:1    | Noticed Ruonk the pandemonium lord
 69375 | Depths:1 | Noticed Kozid the pandemonium lord
 69386 | Depths:1 | Bought a scroll of teleportation for 60 gold pieces
 69386 | Depths:1 | Bought a scroll of fear for 100 gold pieces
 69386 | Depths:1 | Bought a scroll of blinking for 150 gold pieces
 69389 | Depths:1 | Noticed Binicidufo the pandemonium lord
 69389 | Depths:1 | Noticed an ancient lich
 69400 | Depths:2 | XOM: scenery: create altars
 69407 | Depths:2 | Killed Binicidufo the pandemonium lord
 69407 | Depths:2 | XOM: summons 10 friendly demons
 69489 | D:12     | XOM: summons friendly quasit
 69495 | D:12     | XOM: noise
 69679 | D:5      | XOM: blink monster(s)
 69684 | D:5      | Noticed Den Zuod the pandemonium lord
 69769 | D:2      | Noticed Bafeudwara the pandemonium lord
 69775 | D:2      | XOM: divination: detect creatures
 69833 | D:1      | Noticed Fiur the pandemonium lord
 69849 | D:$      | Escaped with the Orb!

Skill      XL: |  1  2  3  4  5  6  7  8  9 10 11 12 13 14 15 16 17 18 19 20 21 22 23 24 25 26 27 |
---------------+----------------------------------------------------------------------------------+-----
Stealth        | 1 2 3 5 6 7 9 10 | 10.0
Long Blades    | 4 5 6 8 10 13 14 15 16 20 21 | 21.3
Armour         | 2 3 4 5 6 7 8 9 10 15 19 20 | 20.0
Dodging        | 3 4 5 6 7 8 10 13 15 20 | 20.0
Invocations    | 1 2 5 6 7 9 10 12 15 19 20 21 22 23 27 | 27.0
Fighting       | 5 6 8 10 11 13 14 15 18 20 | 20.0
Evocations     | 5 6 10 13 15 16 20 | 20.0

Action                   |  1- 3 |  4- 6 |  7- 9 | 10-12 | 13-15 | 16-18 | 19-21 | 22-24 | 25-27 || total
-------------------------+-------+-------+-------+-------+-------+-------+-------+-------+-------++-------
Melee: Falchion          |    62 |    23 |     5 |       |       |       |       |       |       ||    90
       Dagger            |    25 |   203 |   357 |   354 |       |       |       |       |       ||   939
       Kick              |       |       |   112 |   286 |   475 |   210 |       |       |       ||  1083
       Headbutt          |       |       |    68 |    25 |       |       |   174 |       |   165 ||   432
       Long sword        |       |       |     7 |   141 |     9 |       |       |       |       ||   157
       Double sword      |       |       |       |   377 |   995 |  1769 |  2061 |  1902 |   584 ||  7688
       Short sword       |       |       |       |       |    44 |    70 |    94 |       |       ||   208
       Bite              |       |       |       |       |   112 |   344 |   411 |   443 |    37 ||  1347
       Peck              |       |       |       |       |       |       |       |       |   191 ||   191
       Unarmed           |       |       |       |       |       |       |       |       |    14 ||    14
 Fire: Blowgun           |       |       |       |       |       |    13 |    57 |     4 |    69 ||   143
Throw: Tomahawk          |       |     4 |    48 |    56 |       |     1 |       |       |       ||   109
       Javelin           |       |       |       |     3 |    50 |    21 |       |       |       ||    74
       Throwing net      |       |       |       |       |       |       |       |     1 |     1 ||     2
Invok: Minor Destruction |       |       |    32 |     3 |    29 |   207 |   184 |    20 |       ||   475
       Hew               |       |       |       |     2 |     2 |    21 |    50 |    12 |     6 ||    93
       Major Destruction |       |       |       |     1 |     1 |    16 |    23 |     1 |     5 ||    47
       Greater Servant o |       |       |       |       |     1 |    10 |     8 |     1 |     8 ||    28
 Abil: Evoke Flight      |       |       |       |       |       |       |     1 |       |       ||     1
Evoke: Wand              |       |       |     3 |    18 |     2 |     2 |    24 |    24 |    32 ||   105
       Phial of floods   |       |       |       |       |       |       |     1 |       |       ||     1
       Lamp of fire      |       |       |       |       |       |       |     1 |       |       ||     1
       Box of beasts     |       |       |       |       |       |       |       |       |     4 ||     4
       Phantom mirror    |       |       |       |       |       |       |       |       |     2 ||     2
       Sack of spiders   |       |       |       |       |       |       |       |       |     1 ||     1
  Use: Scroll            |     4 |     1 |     5 |    19 |    11 |     8 |     9 |    12 |     5 ||    74
       Potion            |     1 |       |       |     5 |     1 |     4 |    11 |     2 |    18 ||    42
 Stab: Sleeping          |     3 |       |       |       |       |     6 |     6 |     1 |       ||    16
       Paralysed         |       |       |     2 |    13 |       |       |     2 |     7 |     3 ||    27
       Distracted        |       |       |     1 |       |     3 |     6 |     9 |     1 |     1 ||    21
       Confused          |       |       |       |     5 |    15 |     8 |    11 |    18 |    10 ||    67
       Petrified         |       |       |       |       |       |     2 |       |       |       ||     2
       Petrifying        |       |       |       |       |       |     1 |       |       |       ||     1
       Invisible         |       |       |       |       |       |       |     4 |       |       ||     4
  Eat: Chunk             |     4 |    10 |    19 |    35 |    42 |    29 |    41 |    19 |       ||   199
       Ration            |       |     1 |     1 |     2 |     4 |    14 |    12 |    15 |    10 ||    59
Armor: Leather armour    |    18 |       |       |       |       |       |       |       |       ||    18
       Chain mail        |     4 |   126 |   151 |       |       |       |       |       |       ||   281
       Plate armour      |       |       |       |   310 |   310 |   604 |   512 |   490 |   131 ||  2357
Dodge: Dodged            |    48 |    66 |    97 |   182 |   300 |   620 |   784 |   956 |   348 ||  3401
Block: Other             |     2 |     1 |     2 |       |       |       |       |       |       ||     5
       Buckler           |       |       |     7 |   223 |   494 |  1200 |  1307 |  1214 |   420 ||  4865
